 Dungeon Crawl Stone Soup version 0.29-a0-1030-gf5f8719cae (webtiles) character file.

Game seed: 8862155508444223679

599494 RepoMan the Slayer (level 27, -53/286 HPs)
             Began as an Ogre Hunter on Aug 8, 2022.
             Was a Favourite Plaything of Xom.
             Annihilated by an Orb Guardian (54 damage)
             ... on level 4 of the Realm of Zot on Aug 14, 2022.
             The game lasted 10:57:36 (88103 turns).

RepoMan the Slayer (Ogre Hunter)                   Turns: 88103, Time: 10:57:38

Health: -53/286    AC: 25    Str: 33      XL:     27
Magic:  28/34      EV:  8    Int: 13 (15) God:    Xom [..*...]
Gold:   4138       SH:  5    Dex: 11 (12) Spells: 27/41 levels left

rFire   + . .      SeeInvis +   g - +9 giant spiked club (freeze)
rCold   + . .      Faith    .   (shield currently unavailable)
rNeg    + . .      Spirit   .   G - +8 gold dragon scales
rPois   +          Reflect  +   f - +2 hat of Ilugo {Will+ Slay+3 SInv}
rElec   .          Harm     .   b - scarf {repulsion}
rCorr   +          Rampage  .   (gloves unavailable)
Will    +++..      Archmagi +   (boots unavailable)
Stlth   .......... NoTele   +   e - amulet of reflection
HPRegen 0.57/turn               s - ring of the Mage {Wiz Archmagi}
MPRegen 0.24/turn               d - ring of the Tuna {rN+ rCorr Int+5 Stlth+}

@: immobile, very slightly contaminated, hasted, studying Polearms, repel
missiles, very quick
A: large, unfitting armour, tough skin 1, see invisible, deformed body,
deterioration 1, frail 1, screaming 2, shaggy fur 1, sturdy frame 1
}: 4/15 runes: decaying, serpentine, slimy, silver
a: Renounce Religion


You were on level 4 of the Realm of Zot.
You worshipped Xom.
You were a toy of Xom.
You visited 12 branches of the dungeon, and saw 56 of its levels.
You also visited: Bailey and Wizlab.

You collected 9385 gold pieces.
You spent 5247 gold pieces at shops.

Inventory:

Hand Weapons
 c - the +7 mace of Variability {chain chaos}
   (You took it off a deep elf death mage on level 3 of the Elven Halls)

   Each time it hits an enemy it has a different, random effect.
   It occasionally unleashes arcs of chaos on nearby creatures upon striking a
   foe.
 g - a +9 giant spiked club of freezing (weapon)
Missiles
 r - 47 large rocks (quivered)
 H - 12 atropa-tipped darts
 T - 5 curare-tipped darts
 V - 14 javelins
Armour
 b - a scarf of repulsion (worn)
 f - the +2 hat of Ilugo (worn) {Will+ Slay+3 SInv}
   (You acquired it on level 3 of the Crypt)

   Slay:      It affects your accuracy & damage with ranged weapons and melee
   (+3).
   SInv:      It lets you see invisible.
   Will:      It increases your willpower.
 w - +0 storm dragon scales
 G - +8 gold dragon scales (worn)
Jewellery
 d - the ring of the Tuna (right hand) {rN+ rCorr Int+5 Stlth+}
   (You bought it in a shop on level 1 of the Snake Pit)

   [ring of resist corrosion]

   Int:       It affects your intelligence (+5).
   rN:        It protects you from negative energy.
   rCorr:     It protects you from acid and corrosion.
   Stlth:     It makes you more stealthy.
 e - an amulet of reflection (around neck)
 h - the ring of Compulsion {Ice rElec rN+ Stlth+}
   (You took it off Josephina on level 1 of the Realm of Zot)

   [ring of ice]

   It enhances your ice magic.
   rF:        It makes you vulnerable to fire.
   rC:        It protects you from cold.
   rElec:     It insulates you from electricity.
   rN:        It protects you from negative energy.
   Stlth:     It makes you more stealthy.
 m - the ring of the Hare {EV+8}
   (You found it on level 5 of the Vaults)

   [ring of evasion]

   EV:        It affects your evasion (+8).
 n - a ring of wizardry
 s - the ring of the Mage (left hand) {Wiz Archmagi}
   (You bought it in a shop on level 1 of the Snake Pit)

   [ring of wizardry]

   It improves your spell success rate.
   Archmagi:  It increases the power of your magical spells.
 I - a ring of flight
Wands
 l - a wand of flame (35)
 N - a wand of roots (15)
 Q - a wand of mindburst (15)
 W - a wand of quicksilver (15)
Scrolls
 a - a scroll of summoning
 i - 4 scrolls of magic mapping
 j - 7 scrolls of teleportation
 z - 4 scrolls of poison
 C - 9 scrolls of vulnerability
 K - 6 scrolls of immolation
 O - 2 scrolls of fear
 X - 3 scrolls of brand weapon
 Y - 8 scrolls of fog
Potions
 o - 2 potions of ambrosia
 q - 3 potions of might
 t - 11 potions of lignification
 v - a potion of invisibility
 A - 6 potions of cancellation
 D - 13 potions of curing
 E - 8 potions of magic
 L - 8 potions of flight
 M - 7 potions of brilliance
 R - 7 potions of heal wounds
 S - a potion of mutation
Miscellaneous
 k - a lightning rod (4/4)
 u - a box of beasts
 x - a condenser vane
 y - a phial of floods
 B - a phantom mirror (inert)


   Skills:
 - Level 26.0 Fighting
 * Level 25.2 Maces & Flails
 - Level 2.9 Ranged Weapons
 + Level 24.4 Throwing
 - Level 13.7 Armour
 - Level 7.7 Dodging
 - Level 0.6 Stealth
 - Level 7.7 Spellcasting
 + Level 13.1 Translocations
 - Level 4.4 Evocations


You had 27 spell levels left.
You knew the following spells:

 Your Spells              Type           Power      Damage    Failure   Level
b - Blink                 Tloc           100%       N/A       1%          2
g - Apportation           Tloc           100%       N/A       1%          1
l - Lesser Beckoning      Tloc           56%        N/A       1%          3
m - Manifold Assault      Tloc           56%        N/A       6%          5
p - Portal Projectile     Hex/Tloc       66%        N/A       11%         3

Your spell library contained the following spells:

 Spells                   Type           Power      Damage    Failure   Level
 Gell's Gravitas          Tloc           56%        N/A       1%          3
 Teleport Other           Tloc           56%        N/A       1%          3
 Passage of Golubria      Tloc           56%        N/A       2%          4
 Dispersal                Tloc           28%        N/A       32%         6
 Beastly Appendage        Tmut           14%        N/A       43%         1
 Magic Dart               Conj           28%        1d4       43%         1
 Necrotise                Necr           28%        1d5       43%         1
 Shock                    Conj/Air       28%        1d4       43%         1
 Slow                     Hex            28%        N/A       43%         1
 Sting                    Tmut/Pois      28%        1d4       43%         1
 Call Imp                 Summ           7%         N/A       56%         2
 Ensorcelled Hibernation  Hex/Ice        14%        N/A       56%         2
 Poisonous Vapours        Pois/Air       14%        N/A       56%         2
 Searing Ray              Conj           14%        2d5       56%         2
 Static Discharge         Conj/Air       7%         3-4/arc   56%         2
 Sublimation of Blood     Necr           7%         N/A       56%         2
 Wereblood                Tmut           7%         N/A       56%         2
 Summon Forest            Summ/Tloc      16%        N/A       65%         5
 Call Canine Familiar     Summ           7%         N/A       80%         3
 Confusing Touch          Hex            7%         N/A       80%         3
 Dazzling Flash           Conj/Hex       14%        N/A       80%         3
 Ignite Poison            Fire/Tmut/Pois 7%         N/A       80%         3
 Mephitic Cloud           Conj/Pois/Air  7%         N/A       80%         3
 Ozocubu's Armour         Ice            7%         N/A       80%         3
 Spider Form              Tmut/Pois      7%         N/A       80%         3
 Summon Guardian Golem    Hex/Summ       7%         N/A       80%         3
 Swiftness                Air            7%         N/A       80%         3
 Tukima's Dance           Hex            7%         N/A       80%         3
 Vampiric Draining        Necr           7%         2d6       80%         3
 Airstrike                Air            3%         2d(1-17)  99%         4
 Anguish                  Hex/Necr       3%         N/A       99%         4
 Animate Armour           Summ/Erth      14%        N/A       99%         4
 Animate Dead             Necr           7%         N/A       99%         4
 Corpse Rot               Necr/Pois/Air  7%         N/A       99%         4
 Fulminant Prism          Conj/Hex       3%         3d6       99%         4
 Leda's Liquefaction      Hex/Erth       3%         N/A       99%         4
 Olgreb's Toxic Radiance  Pois           7%         N/A       99%         4
 Petrify                  Tmut/Erth      7%         N/A       99%         4
 Summon Ice Beast         Ice/Summ       7%         N/A       99%         4
 Summon Lightning Spire   Summ/Air       7%         N/A       99%         4
 Agony                    Necr           7%         N/A       100%        5
 Alistair's Intoxication  Tmut/Pois      4%         N/A       100%        5
 Blade Hands              Tmut           3%         N/A       100%        5
 Borgnjor's Vile Clutch   Necr/Erth      3%         N/A       100%        5
 Fireball                 Conj/Fire      3%         3d4       100%        5
 Irradiate                Conj/Tmut      3%         3d12      100%        5
 Lightning Bolt           Conj/Air       3%         1d15      100%        5
 Metabolic Englaciation   Hex/Ice        3%         N/A       100%        5
 Silence                  Hex/Air        3%         N/A       100%        5
 Summon Mana Viper        Hex/Summ       7%         N/A       100%        5
 Yara's Violent Unravell  Hex/Tmut       3%         3d4       100%        5
 Conjure Ball Lightning   Conj/Air       3%         3x3d6     100%        6
 Death Channel            Necr           3%         N/A       100%        6
 Eringya's Noxious Bog    Tmut/Pois      3%         N/A       100%        6
 Iron Shot                Conj/Erth      3%         9d2       100%        6
 Simulacrum               Ice/Necr       3%         N/A       100%        6
 Starburst                Conj/Fire      3%         6d3       100%        6
 Statue Form              Tmut/Erth      4%         N/A       100%        6
 Dragon Form              Tmut           3%         N/A       100%        7
 Enfeeble                 Hex            3%         N/A       100%        7
 Monstrous Menagerie      Summ           3%         N/A       100%        7
 Orb of Destruction       Conj           3%         9d5       100%        7
 Ozocubu's Refrigeration  Ice            3%         4d8       100%        7
 Spellforged Servitor     Conj/Summ      3%         N/A       100%        7
 Storm Form               Tmut/Air       3%         N/A       100%        7
 Summon Hydra             Summ           3%         N/A       100%        7
 Borgnjor's Revivificati  Necr           3%         N/A       100%        8
 Discord                  Hex            3%         N/A       100%        8
 Disjunction              Tloc           28%        N/A       100%        8
 Ignition                 Fire           3%         3d4       100%        8
 Infestation              Necr           3%         N/A       100%        8
 Maxwell's Capacitive Co  Air            3%         ∞         100%        8
 Necromutation            Tmut/Necr      3%         N/A       100%        8
 Death's Door             Necr           3%         N/A       100%        9
 Dragon's Call            Summ           3%         N/A       100%        9


Dungeon Overview and Level Annotations

Branches:
Dungeon (15/15)            Temple (1/1) D:5            Lair (5/5) D:10
  Swamp (4/4) Lair:3        Snake (4/4) Lair:2        Slime (5/5) Lair:5
    Orc (2/2) D:9             Elf (3/3) Orc:2        Vaults (visited)
  Crypt (3/3) Vaults:3       Tomb (0/3) Crypt:3      Depths (4/4) D:15
    Zot (5/5) Depths:4     Bailey (visited)          WizLab (visited)

Altars:
Ashenzari
Elyvilon
Gozag
Hepliaklqana
Kikubaaqudgha
Nemelex Xobeh
Okawaru
Qazlal
Ru
Trog
Vehumet
Wu Jian
Xom
Yredelemnul
Zin
Jiyva

Shops:
D:3 *   D:11 (   Orc:1 [   Orc:2 [:!   Snake:1 :=[   Snake:2 **   Snake:4 *
Vaults:1 [   Vaults:3 *   Depths:2 *   Depths:3 ?

Portals:
Hell: Depths:1 Depths:2 Depths:3 Depths:4
Abyss: Depths:3
Pandemonium: Depths:2
Ziggurat: Depths:4

Annotations:
D:11 exclusion: downstairs
Swamp:2 exclusion: downstairs
Snake:2 3 runed translucent doors, exclusion: downstairs
Elf:2 3 runed translucent doors
Depths:1 1 transporter
Zot:4 exclusion: downstairs


Innate Abilities, Weirdness & Mutations

You are too large for most types of armour.
You have tough skin. (AC +1)
You have supernaturally acute eyesight. (SInv)
Armour fits poorly on your strangely shaped body.
Your body sometimes deteriorates upon taking damage.
You are frail. (-10% HP)
You frequently scream uncontrollably at your foes.
You are covered in fur. (AC +1)
Your movements are slightly less encumbered by armour. (ER -2)


Message History

Unknown command.
Unknown command.
Casting: Manifold Assault (mildly dangerous; 6% risk of failure)
Confirm with . or Enter, or press ? or * to list all spells.
You cannot blink because you are magically locked down.
Okay, then.
Unknown command.
Okay, then.
Okay, then.
Okay, then.
Okay, then.
Unknown command.
Unknown command.
Unknown command.
Press: ? - help, v - describe, . - travel
Here: an Orb Guardian (berserk)
The floor.
Unknown command.
Okay, then.
Unknown command.
Unknown command.
You feel yourself speed up. The Orb Guardian hits you!!!
* * * LOW HITPOINT WARNING * * *
Xom roars with laughter!
The Orb Guardian hits you!
* * * LOW HITPOINT WARNING * * *
You block the Orb Guardian's attack. The Orb Guardian closely misses you.
Unknown command.
Press: ? - help, v - describe, . - travel
Here: an Orb Guardian (berserk)
The floor.
Unknown command.
Aiming: Phantom Mirror
Press: ? - help, Dir - move target, f - Orb Guardian
Aim: an Orb Guardian (berserk)
You reflect the Orb Guardian with the mirror!
The mirror clouds!
The Orb Guardian barely misses you. The Orb Guardian hits you!!!
You die...
Xom snickers!

...###....#...#...#####....)'.)..
....###...###.###.#.#.##..)##....
#...# #...###)#.......)...[.##...
#...# ###.#...##..#.#.#..[##.##..
##..#####........#..###'#..#####.
####...#...)#.....##...#)##...##
#....##...###.###......#.....#
#.^...###.######.......'...#.'
####...#.#.#.X@##.......#.....#
#..###.#.#.#XX.##.......##...##
#..#.^.##.?..#####.....#######
##...........### ##...#### ###
#.....#.#...>.####'###..# ##..
##..######....##........###...
####........###....#....##...
#...#######.....###....#...
#....[.)###............##..


You could see 2 Orb Guardians and a friendly Orb Guardian (summoned, berserk,
drained).

Vanquished Creatures
  the Royal Jelly (Slime:5)
  A dread lich (Vaults:5)
  An ancient lich (Vaults:5)
  Mara (Depths:1)
  2 orbs of fire (Zot:4)
  A juggernaut (Depths:4)
  Josephina (Zot:1)
  Saint Roka (Depths:2)
  3 Killer Klowns (Zot:4)
  Vashnia (Snake:4)
  4 curse toes
  9 golden dragons
  A caustic shrike (Depths:3)
  Nikola (Elf:1)
  Jory (Crypt:3)
  A profane servitor (Crypt:3)
  A Hellbinder (WizLab)
  2 bone dragons
  An electric golem (Zot:1)
  A shard shrike zombie (Crypt:2)
  11 tentacled monstrosities
  Jorgrun (Elf:1)
  A walking crystal tome (Depths:3)
  Rupert (D:13)
  5 liches
  Asterion (Elf:1)
  16 acid blobs
  2 deep elf blademasters (Elf:3)
  4 titans (Vaults:5)
  7 quicksilver dragons
  A walking frostbound tome (Depths:3)
  2 deep elf master archers (Elf:3)
  A walking divine tome (Depths:3)
  3 ancient champions
  Gastronok (Orc:1)
  3 sphinxes
  Frances (Swamp:1)
  5 death cobs
  6 azure jellies
  Donald (Swamp:1)
  11 shadow dragons
  A thorn hunter (Swamp:2)
  7 tengu reavers
  10 storm dragons
  8 nagarajas
  10 rockslimes
  2 revenants
  5 fenstrider witches
  Roxanne (Swamp:1)
  6 draconian monks
  4 fire giants
  3 draconian knights (Zot:4)
  Aizul (Snake:2)
  A fire giant (shapeshifter) (Vaults:2)
  Louise (Snake:2)
  9 frost giants
  2 iron dragons
  5 deep elf sorcerers
  6 ghouls
  2 orc warlords
  A spectral juggernaut (Depths:2)
  2 draconian shifters
  A deep elf elementalist (Elf:3)
  20 vault wardens
  7 draconian annihilators
  2 ghost moths (Zot:1)
  2 draconian stormcallers (Zot:4)
  5 draconian scorchers
  3 reapers
  11 ironbound preservers
  3 war gargoyles
  11 quicksilver oozes
  9 very ugly things
  6 ironbound thunderhulks
  10 deep elf demonologists
  6 white draconians
  16 stone giants
  7 yellow draconians
  14 vampire knights
  4 black draconians
  A spectral titan (Depths:2)
  14 dire elephants
  7 green draconians
  An eleionoma (Swamp:4)
  6 deep elf annihilators
  A demonspawn black sun (WizLab)
  An entropy weaver (Vaults:5)
  6 red draconians
  3 bunyips
  19 purple draconians
  2 lorocyprocas (WizLab)
  Azrael (D:15)
  2 blizzard demons
  A spark wasp (Depths:3)
  Snorg (D:12)
  A green death (WizLab)
  An acid blob zombie (Crypt:2)
  8 ettins
  12 deep elf death magi
  2 crystal guardians (Vaults:2)
  4 eidola
  A shambling mangrove (Swamp:3)
  2 spectral golden dragons (Depths:2)
  A merfolk javelineer (Depths:1)
  4 deep elf high priests
  22 jiangshi
  9 fire dragons
  7 yaktaur captains
  A ragged hierophant (Elf:2)
  3 mummy priests (Depths:2)
  A servant of whispers (Elf:2)
  12 rakshasas
  A fenstrider witch zombie (Crypt:1)
  2 spriggan zombies
  Erolcha (Orc:1)
  3 peacekeepers
  10 great orbs of eyes
  5 boulder beetles
  13 hydras
  4 ice dragons
  A spectral sphinx (Depths:2)
  4 salamander tyrants
  A spectral tengu (Depths:2)
  3 spectral frost giants (Depths:2)
  2 spriggan air magi
  16 anacondas
  31 vault guards
  A spriggan skeleton (Crypt:2)
  6 ghost crabs
  14 naga warriors
  A catoblepas (Lair:5)
  17 centaur warriors
  7 ogre magi
  4 ironbound frosthearts
  2 death knights (Crypt:3)
  A spectral fire giant (Depths:2)
  15 dancing weapons
  An Orb Guardian skeleton (Crypt:2)
  4 death yaks
  5 two-headed ogres
  3 deep troll shamans
  A hell hog (Depths:3)
  The ghost of Libelnon the Eclecticist, a journeyman FeIE of Kikubaaqudgha (Snake:2)
  10 alligators
  9 naga sharpshooters
  2 spectral storm dragons (Depths:2)
  2 spriggan berserkers
  10 shock serpents
  4 tengu warriors
  5 vampire magi
  An orc high priest (Elf:3)
  3 deep troll earth magi
  17 deep elf knights
  6 soul eaters
  Nergalle (Orc:2)
  15 hell knights
  6 shadow wraiths (Crypt:3)
  2 sun demons
  4 salamander mystics
  2 iron trolls
  4 goliath frogs
  46 skeletal warriors
  6 large abominations
  A sea snake (shapeshifter) (Depths:3)
  6 spriggan druids
  6 flayed ghosts
  6 glowing orange brains
  A bunyip zombie (Crypt:1)
  2 obsidian statues
  21 deep trolls
  4 naga ritualists
  4 swamp dragons
  8 bog bodies
  A spark wasp zombie (Depths:3)
  4 lindwurms
  8 wizards
  A spriggan simulacrum (Crypt:3)
  3 harpies (Vaults:5)
  20 deep elf archers
  10 phantasmal warriors
  21 ironbound convokers
  12 necromancers
  A mana viper (Snake:1)
  A harpy (shapeshifter) (D:14)
  7 shining eyes
  23 deep elf zephyrmancers
  A goliath frog zombie (Crypt:2)
  An iron dragon zombie (Crypt:1)
  A glowing shapeshifter (Crypt:3)
  3 manticores
  27 deep elf pyromancers
  6 cyclopes
  8 orc knights
  21 ugly things
  A manticore (shapeshifter) (Vaults:5)
  9 orc sorcerers
  3 spectral spriggans (Depths:2)
  3 will-o-the-wisps
  A spectral ettin (Depths:2)
  29 moths of wrath
  3 oklob plants (Lair:5)
  A tengu skeleton (Depths:3)
  4 elephants
  115 slime creatures
  17 salamanders
  20 vault sentinels
  8 guardian serpents
  2 rust devils
  36 black mambas
  An eye of devastation (shapeshifter) (Depths:3)
  An eye of devastation (Slime:5)
  13 naga magi
  A torpor snail (shapeshifter) (Snake:4)
  A torpor snail (Lair:4)
  9 orange demons
  A gargoyle (D:12)
  A storm dragon simulacrum (Zot:1)
  3 hellions (WizLab)
  2 dire elephant zombies
  A dire elephant skeleton (Crypt:3)
  17 cane toads
  5 komodo dragons
  2 spectral glowing shapeshifters (Depths:2)
  2 rime drakes
  4 freezing wraiths
  A tengu conjurer (D:15)
  A tormentor (WizLab)
  An alligator snapping turtle skeleton (Crypt:2)
  30 yaktaurs
  2 ice devils
  5 red devils (WizLab)
  5 trolls
  A green draconian skeleton (Crypt:2)
  A minotaur skeleton (Crypt:1)
  3 hellwings
  9 guardian mummies (Depths:2)
  15 tyrant leeches
  A bloated husk (Swamp:3)
  2 meliai (shapeshifter)
  A polar bear (Lair:5)
  22 hornets
  A sphinx simulacrum (Vaults:5)
  17 blink frogs
  2 harpy skeletons (Crypt:1)
  2 saltlings (Elf:2)
  A blink frog (shapeshifter) (Swamp:2)
  5 dream sheep (Lair:4)
  A dream sheep (shapeshifter) (Depths:3)
  A frost giant simulacrum (Vaults:1)
  A meliai zombie (Crypt:1)
  3 air elementals
  45 flying skulls (Crypt:3)
  2 shadows (Crypt:3)
  12 spriggans
  A black mamba zombie (Crypt:3)
  7 water elementals
  40 yaks
  2 ynoxinuls
  4 wraiths
  5 hogs (Lair:5)
  2 steam dragons
  5 basilisks
  A wyvern (Lair:2)
  8 golden eyes
  3 fire elementals (D:15)
  5 neqoxecs
  A redback (Snake:2)
  4 chaos spawn
  A human simulacrum (Vaults:5)
  A naga zombie (Crypt:2)
  13 swamp worms
  A black draconian simulacrum (Zot:1)
  7 vampire mosquitoes
  27 nagas
  11 water moccasins
  3 wargs
  A hell hound (D:15)
  2 acid dragons
  A glowing shapeshifter skeleton (Vaults:5)
  A floating eye (Slime:5)
  33 orc warriors
  2 human skeletons
  3 swamp drakes
  A swamp drake (shapeshifter) (Vaults:5)
  2 sky beasts
  3 black bears
  4 ice beasts
  10 ogres
  10 centaurs
  11 wolves
  A golden eye zombie (Crypt:1)
  A dream sheep skeleton (Crypt:1)
  3 elf zombies (Elf:1)
  16 bullfrogs
  A kobold brigand (D:7)
  6 necrophages
  A small abomination (Crypt:3)
  A gnoll sergeant (D:9)
  3 scorpions
  3 earth elementals
  10 wights
  3 killer bees
  An electric eel (Snake:1)
  8 howler monkeys
  A wolf zombie (Crypt:2)
  23 orc priests
  A gnoll bouda (D:7)
  2 hounds
  4 iguanas
  3 jellies
  Ijyb (D:3)
  Jessica (D:2)
  Natasha (thrice) (D:2)
  An iguana (shapeshifter) (D:14)
  5 hell rats (Lair:2)
  29 orc wizards
  An acid dragon skeleton (Crypt:1)
  10 gnolls
  5 adders
  A white imp (Vaults:1)
  A lava snake zombie (Crypt:2)
  An adder skeleton (Crypt:2)
  A jelly zombie (Crypt:1)
  A worm (D:1)
  99 orcs
  6 endoplasms
  4 giant cockroaches
  13 goblins
  6 hobgoblins
  3 jackals (D:3)
  5 quokkas
  7 ball pythons
  6 bats
  A frilled lizard (D:1)
  22 kobolds
  25 rats
  A river rat skeleton (Crypt:1)
2170 creatures vanquished.

Vanquished Creatures (collateral kills)
  A royal mummy (Depths:2)
  Margery (Vaults:2)
  A dire elephant (Vaults:2)
  2 hell knights
  A goliath frog (Lair:5)
  A necromancer (D:15)
  2 ugly things (Vaults:2)
  A will-o-the-wisp (Swamp:1)
  A cane toad (Lair:5)
  2 yaktaurs (Vaults:3)
  A blink frog (Lair:5)
  2 yaks (D:10)
  A basilisk (shapeshifter) (D:15)
  A vampire mosquito (D:10)
  A naga (Snake:2)
  A water moccasin (D:6)
  A moth of wrath simulacrum (Zot:1)
  2 wolves (Lair:2)
  3 killer bees (D:8)
  An orc priest (D:8)
  An orc (D:8)
28 creatures vanquished.

Vanquished Creatures (others)
  Kirke (Lair:5)
  A deep elf demonologist (Elf:3)
  An ettin (Depths:2)
  A jiangshi (Crypt:1)
  An ogre mage (Swamp:4)
  3 dancing weapons
  A deep elf knight (Elf:3)
  A goliath frog (Swamp:3)
  A deep elf zephyrmancer (Elf:3)
  4 yaks
  2 water moccasins (Lair:2)
  A wolf (Lair:2)
  An orc wizard (Orc:2)
  9 bushes (Depths:2)
  A butterfly (Depths:2)
  10 foxfires (Swamp:1)
  38 fungi
  118 plants
  6 toadstools (D:5)
201 creatures vanquished.

Grand Total: 2399 creatures vanquished

Notes
Turn   | Place    | Note
-------+----------+-------------------------------------------
     0 | D:1      | RepoMan the Ogre Hunter began the quest for the Orb.
     0 | D:1      | Reached XP level 1. HP: 22/22 MP: 1/1
    79 | D:1      | Reached skill level 3 in Fighting
   201 | D:1      | Reached skill level 1 in Throwing
   201 | D:1      | Reached XP level 2. HP: 31/31 MP: 2/2
   687 | D:2      | Reached XP level 3. HP: 37/37 MP: 3/3
   704 | D:2      | Noticed Jessica
   718 | D:2      | Reached skill level 1 in Maces & Flails
  1461 | D:2      | Killed Jessica
  1462 | D:2      | Reached skill level 4 in Fighting
  1462 | D:2      | Reached XP level 4. HP: 32/48 MP: 4/4
  1575 | D:2      | Noticed Natasha
  1584 | D:2      | Killed Natasha
  1613 | D:2      | Noticed Natasha
  1623 | D:2      | Killed Natasha
  1624 | D:2      | Reached XP level 5. HP: 27/54 MP: 5/5
  1803 | D:2      | Noticed Natasha
  1808 | D:2      | Killed Natasha
  2792 | D:3      | Found Pumez's Assorted Antiques.
  2797 | D:3      | Bought a scroll labelled NARIAXZINK for 29 gold pieces
  3324 | D:3      | Found a sparkling altar of Nemelex Xobeh.
  3324 | D:3      | Found a transporter.
  3324 | D:3      | Noticed Ijyb
  3325 | D:3      | Noticed a kobold brigand
  3344 | D:3      | Killed Ijyb
  3345 | D:3      | Reached XP level 6. HP: 60/65 MP: 6/6
  3744 | D:4      | Reached skill level 5 in Fighting
  3810 | D:4      | Found a basalt altar of Yredelemnul.
  3868 | D:4      | Noticed a water moccasin
  4469 | D:4      | Reached XP level 7. HP: 72/72 MP: 7/7
  4620 | D:5      | Entered Level 5 of the Dungeon
  4620 | D:5      | Found a staircase to the Ecumenical Temple.
  4872 | Temple   | Entered the Ecumenical Temple
  4885 | Temple   | Became a worshipper of Xom the Psychotic
  5048 | D:5      | Reached skill level 6 in Fighting
  5064 | D:5      | XOM: potion effect (brilliance)
  5102 | D:5      | Reached skill level 5 in Maces & Flails
  5234 | D:5      | Reached XP level 8. HP: 73/84 MP: 8/8
  5474 | D:5      | Found a broken altar of Ashenzari.
  5482 | D:5      | Found a stormy altar of Qazlal.
  5638 | D:6      | XOM: noise
  5701 | D:6      | Noticed a two-headed ogre
  5721 | D:6      | Killed a two-headed ogre
  5722 | D:6      | Reached skill level 7 in Fighting
  5722 | D:6      | Reached skill level 5 in Throwing
  5722 | D:6      | Reached XP level 9. HP: 66/96 MP: 9/9
  5803 | D:6      | Reached skill level 8 in Fighting
  5862 | D:6      | XOM: potion effect (invisibility)
  6150 | D:6      | XOM: potion effect (haste)
  6218 | D:6      | XOM: silly message
  6227 | D:6      | XOM: cast spell 'Summon Ice Beast'
  6269 | D:6      | Found a sacrificial altar of Ru.
  7037 | D:4      | XOM is BORED!
  7037 | D:4      | XOM: silly message
  7212 | D:7      | XOM: silly message
  7213 | D:7      | XOM: potion effect (might)
  7217 | D:7      | Reached skill level 9 in Fighting
  7498 | D:7      | Noticed a troll
  7503 | D:7      | XOM: blink monster(s)
  7512 | D:7      | Killed a troll
  7660 | D:7      | Reached XP level 10. HP: 102/107 MP: 10/10
  8152 | D:7      | Found a glowing silver altar of Zin.
  8152 | D:7      | Found an opulent altar of Gozag.
  8204 | D:8      | XOM: 4-stop teleportation journey
  8338 | D:8      | Found a flagged portal.
  8349 | Bailey   | Entered a bailey
  8473 | Bailey   | XOM: summons 4 hostile shadow creatures
  8771 | Bailey   | Reached skill level 10 in Fighting
  8777 | Bailey   | XOM: summons 4 friendly demons
  8918 | Bailey   | Got the Octavo of Blasts
  8950 | D:8      | XOM: summons 7 friendly demons
  9426 | D:8      | XOM is BORED!
  9685 | D:8      | XOM: divination: magic mapping
  9829 | D:8      | XOM: god gift: scroll of noise
  9911 | D:8      | XOM: divination: magic mapping
  9950 | D:8      | XOM: summons 2 friendly demons
 10393 | D:9      | XOM: divination: magic mapping
 10423 | D:9      | Found a staircase to the Orcish Mines.
 10591 | D:9      | XOM: enchant monster (good)
 10752 | D:9      | XOM: 1-stop teleportation journey
 10772 | D:9      | Reached skill level 10 in Maces & Flails
 10786 | D:9      | XOM: confusion
 10786 | D:9      | XOM: smoke on damage
 10794 | D:9      | XOM: blink monster(s)
 10797 | D:9      | XOM: cast spell 'Death Channel'
 10924 | D:9      | Noticed a two-headed ogre
 10936 | D:9      | Killed a two-headed ogre
 10937 | D:9      | Reached skill level 11 in Fighting
 10937 | D:9      | Reached XP level 11. HP: 74/120 MP: 11/11
 11050 | D:9      | XOM: silly message
 11077 | D:9      | Noticed a rakshasa
 11112 | D:9      | Noticed a cyclops
 11147 | D:9      | Killed a cyclops
 11393 | D:9      | XOM: silly message
 11397 | D:9      | Killed a rakshasa
 11464 | D:9      | XOM: 3-stop teleportation journey
 11800 | D:9      | XOM: silly message
 11827 | D:10     | XOM: stealth player
 11827 | D:10     | Entered Level 10 of the Dungeon
 11849 | D:10     | XOM: divination: detect items
 11854 | D:10     | XOM: noise
 11856 | D:10     | XOM: fake destruction
 11873 | D:10     | XOM: enchant monster (good)
 11900 | D:10     | Identified the +6 shortbow of Dawn {flame, rCorr}
 11989 | D:10     | XOM: divination: detect creatures
 12011 | D:10     | XOM: divine lightning
 12044 | D:10     | XOM: cast spell 'Summon Mana Viper'
 12270 | D:10     | Reached skill level 12 in Fighting
 12313 | D:10     | XOM: potion effect (heal wounds)
 12335 | D:10     | Noticed a two-headed ogre
 12339 | D:10     | Killed a two-headed ogre
 12385 | D:10     | Found a staircase to the Lair.
 12426 | D:10     | XOM: cloud trail
 12579 | D:10     | XOM: 3-stop teleportation journey
 12696 | D:10     | Noticed a two-headed ogre
 12699 | D:10     | Killed a two-headed ogre
 12831 | D:10     | XOM: silly message
 13055 | Lair:1   | Entered Level 1 of the Lair of Beasts
 13183 | Lair:1   | XOM: 1-stop teleportation journey
 13430 | Lair:1   | Reached XP level 12. HP: 133/133 MP: 12/12
 13436 | Lair:1   | XOM: confuse monster(s)
 14162 | Lair:2   | Reached skill level 13 in Fighting
 14210 | Lair:2   | Found a staircase to the Snake Pit.
 14220 | Lair:2   | XOM: 2-stop teleportation journey
 14229 | Lair:2   | Reached skill level 10 in Throwing
 14260 | Lair:2   | XOM: enchant monster (good)
 14301 | Lair:2   | XOM: cloud trail
 14380 | Lair:2   | XOM: cast spell 'Death Channel'
 14514 | Lair:2   | XOM: summons 4 hostile demons
 14667 | Lair:2   | XOM: enchant monster (good)
 14682 | Lair:2   | XOM: blink monster(s)
 14701 | Lair:2   | Noticed a five-headed hydra
 14739 | Lair:2   | Killed a five-headed hydra
 14940 | Lair:2   | XOM: god gift: 22 gold pieces
 15249 | Lair:2   | XOM: scenery: 2 doors open
 15606 | Lair:2   | XOM: god gift: book of Lightning
 15613 | Lair:2   | Learned a level 2 spell: Blink
 15659 | Lair:3   | Noticed a death yak
 15659 | Lair:3   | Noticed a death yak
 15659 | Lair:3   | Noticed a death yak
 15659 | Lair:3   | Noticed a death yak
 15660 | Lair:3   | XOM: enchant monster (good)
 15665 | Lair:2   | XOM: enchant monster (bad)
 15667 | Lair:2   | XOM: summons 2 friendly demons
 15672 | Lair:2   | XOM: confuse monster(s)
 15678 | Lair:2   | Killed a death yak
 15857 | Lair:3   | Found a staircase to the Swamp.
 15868 | Lair:3   | Reached skill level 1 in Spellcasting
 16271 | Lair:3   | XOM: divination: detect items
 16274 | Lair:3   | Killed a death yak
 16275 | Lair:3   | Reached skill level 1 in Translocations
 16285 | Lair:3   | Killed a death yak
 16288 | Lair:3   | Killed a death yak
 16288 | Lair:3   | XOM: noise
 16475 | Lair:1   | XOM: summons 1 hostile shadow creature
 16476 | Lair:1   | Noticed a four-headed hydra
 16792 | Lair:3   | Reached skill level 14 in Fighting
 16803 | Lair:3   | Reached XP level 13. HP: 85/146 MP: 16/16
 17072 | Lair:3   | XOM: 2-stop teleportation journey
 17631 | Lair:3   | XOM: enchant monster (bad)
 17748 | Lair:3   | XOM is BORED!
 17991 | Lair:4   | XOM: noise
 17995 | Lair:4   | XOM: blink monster(s)
 18040 | Lair:4   | XOM: 3-stop teleportation journey
 18912 | Lair:4   | XOM: stat loss: -1 Dex (17/18)
 19005 | Lair:4   | XOM: god gift: potion of haste
 19016 | Lair:4   | XOM: fake destruction
 19271 | Lair:4   | XOM: fake destruction
 19306 | Lair:4   | XOM: cloud trail
 19493 | Lair:4   | XOM: give mutation
 19493 | Lair:4   | Gained mutation: You passively map a small area around you.
                  | [Xom's grace]
 19664 | Lair:4   | XOM: cloud trail
 19786 | Orc:1    | Entered Level 1 of the Orcish Mines
 19820 | Orc:1    | XOM: 2-stop teleportation journey
 19927 | Orc:2    | Entered Level 2 of the Orcish Mines
 19927 | Orc:2    | Noticed an orc warlord
 19938 | Orc:2    | Killed an orc warlord
 19954 | Orc:2    | Reached skill level 1 in Evocations
 20203 | Orc:2    | Found a staircase to the Elven Halls.
 20306 | Orc:2    | XOM: enchant monster (good)
 20428 | Orc:1    | Noticed Gastronok
 20638 | Orc:2    | XOM: confusion (+ monsters)
 20641 | Orc:2    | XOM: fog
 20679 | Orc:2    | Found Itawon's Distillery.
 20692 | Orc:2    | Found Keiduavul's Distillery.
 20814 | Orc:2    | Found an ancient bone altar of Kikubaaqudgha.
 20815 | Orc:2    | Noticed Nergalle
 20819 | Orc:2    | XOM: potion effect (brilliance)
 21343 | Orc:2    | Reached skill level 15 in Fighting
 21366 | Orc:2    | Found a radiant altar of Vehumet.
 21482 | Orc:2    | Found Jeifehoh's Book Shop.
 21552 | Orc:2    | XOM: blink monster(s)
 21568 | Orc:2    | Bought a potion of cancellation for 112 gold pieces
 21568 | Orc:2    | Bought a potion of heal wounds for 70 gold pieces
 21568 | Orc:2    | Bought a potion of curing for 42 gold pieces
 21568 | Orc:2    | Bought a potion of might for 56 gold pieces
 21568 | Orc:2    | Bought a potion of lignification for 42 gold pieces
 21568 | Orc:2    | Bought a potion of curing for 42 gold pieces
 21592 | Orc:2    | Killed Nergalle
 21776 | Orc:2    | Learned a level 3 spell: Lesser Beckoning
 21811 | Orc:2    | Found Juogh's Antique Armour Boutique.
 21820 | Orc:2    | Bought an embroidered cloak for 225 gold pieces
 21871 | Orc:2    | Bought a potion of heal wounds for 80 gold pieces
 21871 | Orc:2    | Bought a potion of heal wounds for 80 gold pieces
 21871 | Orc:2    | Bought a potion of curing for 48 gold pieces
 21871 | Orc:2    | Bought a potion of mutation for 128 gold pieces
 21871 | Orc:2    | Bought a potion of ambrosia for 128 gold pieces
 21871 | Orc:2    | Bought a potion of berserk rage for 80 gold pieces
 21871 | Orc:2    | Bought a potion of heal wounds for 80 gold pieces
 21871 | Orc:2    | Bought a potion of curing for 48 gold pieces
 21871 | Orc:2    | Bought 2 potions of haste for 320 gold pieces
 22060 | Orc:2    | XOM: give mutation
 22060 | Orc:2    | Gained mutation: You occasionally lose the ability to read
                  | scrolls when taking damage. [Xom's mischief]
 22287 | Lair:5   | Entered Level 5 of the Lair of Beasts
 22378 | Lair:4   | Reached XP level 14. HP: 102/151 MP: 17/17
 22436 | Lair:5   | Reached skill level 15 in Maces & Flails
 22651 | Lair:5   | XOM: polymorph cane toad -> golden eye
 22682 | Lair:5   | Noticed Kirke
 22683 | Lair:5   | XOM: enchant monster (good)
 22700 | Lair:5   | XOM: divination: detect items
 22709 | Lair:5   | XOM: potion effect (berserk rage)
 22712 | Lair:5   | XOM: swap monsters
 22714 | Lair:5   | XOM: 1-stop teleportation journey
 22725 | Lair:5   | XOM: potion effect (haste)
 22727 | Lair:5   | XOM: summons friendly shadow imp
 22730 | Lair:5   | Identified the +0 helmet of Protective Custody {*Slow rC+
                  | Regen+}
 22775 | Lair:4   | XOM: divination: detect items
 22893 | Lair:5   | XOM: confuse monster(s)
 23070 | Lair:5   | XOM: 8-stop teleportation journey
 23074 | Lair:5   | XOM: enchant monster (good)
 23120 | Lair:5   | XOM: god gift: wand of mindburst (5)
 23160 | Lair:5   | XOM: fog
 23256 | Lair:5   | XOM: enchant monster (good)
 23261 | Lair:5   | XOM: summons 5 friendly demons
 23380 | Lair:5   | XOM: enchant monster (good)
 23425 | Lair:5   | Reached skill level 16 in Fighting
 23633 | Lair:5   | XOM: god gift: buckler {god gift}
 23660 | Lair:5   | XOM: confuse monster(s)
 23670 | Lair:5   | Killed Kirke
 23860 | Lair:5   | Found a staircase to the Slime Pits.
 23948 | Lair:5   | XOM: divination: detect creatures
 24167 | Orc:1    | Killed Gastronok
 24192 | Orc:1    | Found Woli's Armour Shoppe.
 24226 | Orc:1    | Noticed Erolcha
 24229 | Orc:1    | Killed Erolcha
 24296 | Orc:1    | XOM: silly message
 24510 | D:11     | XOM: torment (82/162 hp)
 24866 | D:11     | Found Ecwole's Antique Weapon Shop.
 25362 | D:12     | XOM: 3-stop teleportation journey
 25471 | D:12     | Reached skill level 5 in Dodging
 25597 | D:12     | XOM: summons friendly crimson imp
 25611 | D:12     | Reached XP level 15. HP: 96/171 MP: 18/18
 25672 | D:11     | XOM: torment (78/171 hp)
 25678 | D:11     | XOM: stat loss: -1 Dex (17/18)
 25712 | D:11     | XOM: stat loss: -1 Dex (16/18)
 25848 | D:12     | XOM: give mutation
 25848 | D:12     | Gained mutation: You occasionally lose the ability to drink
                  | potions when taking damage. [Xom's mischief]
 25863 | D:12     | Noticed Snorg
 25876 | D:12     | XOM: stat loss: -1 Dex (15/18)
 25877 | D:12     | XOM: chaos cloud
 25884 | D:12     | Killed Snorg
 26185 | D:12     | Lost mutation: You occasionally lose the ability to read
                  | scrolls when taking damage. [potion of mutation]
 26185 | D:12     | Lost mutation: You occasionally lose the ability to drink
                  | potions when taking damage. [potion of mutation]
 26185 | D:12     | Lost mutation: You passively map a small area around you.
                  | [potion of mutation]
 26185 | D:12     | Gained mutation: You possess an exceptional clarity of
                  | mind. [potion of mutation]
 26206 | D:13     | XOM: summons friendly quasit
 26322 | D:13     | XOM: draining
 26446 | D:13     | XOM: divination: detect items
 26462 | D:13     | Noticed Rupert
 26468 | D:13     | XOM: silly message
 26474 | D:13     | XOM: silly message
 26484 | D:13     | Killed Rupert
 26710 | D:14     | XOM: 7-stop teleportation journey
 26897 | D:14     | Found a hazy altar of Hepliaklqana.
 27003 | D:14     | XOM: destruction
 27162 | D:14     | Found a gate to the Vaults.
 27282 | D:14     | Reached skill level 17 in Fighting
 27612 | D:15     | Entered Level 15 of the Dungeon
 27612 | D:15     | Noticed Azrael
 27726 | D:15     | XOM: cleaving
 27737 | D:15     | Found a staircase to the Depths.
 27816 | D:15     | XOM: summons 5 friendly demons
 27961 | D:15     | Found a stormy altar of Qazlal.
 28287 | D:15     | XOM: divination: detect items
 28298 | D:15     | XOM: scenery: create altars
 28308 | D:15     | XOM: enchant monster (good)
 28377 | D:15     | Killed Azrael
 28400 | D:15     | XOM: 2-stop teleportation journey
 28545 | D:15     | XOM: god gift: 2 potions of degeneration
 28647 | D:15     | XOM: give mutations
 28647 | D:15     | Gained mutation: Your spells are a little harder to cast,
                  | but a little more powerful. [Xom's grace]
 28647 | D:15     | Gained mutation: Your flesh is cold resistant. (rC+) [Xom's
                  | grace]
 28647 | D:15     | Gained mutation: You have a pair of small horns on your
                  | head. [Xom's grace]
 28647 | D:15     | Gained mutation: You are partially covered in large bone
                  | plates. (SH +4) [Xom's grace]
 28649 | D:15     | XOM: scenery: summon butterflies
 28764 | D:15     | XOM: enchant monster (good)
 28956 | Swamp:1  | Entered Level 1 of the Swamp
 28991 | Swamp:1  | XOM: enchant monster (good)
 29032 | Swamp:1  | Identified Roxanne's Catalogue of Transformation
 29032 | Swamp:1  | Noticed Roxanne
 29048 | Swamp:1  | Killed Roxanne
 29283 | Swamp:1  | Reached XP level 16. HP: 184/184 MP: 19/19
 29393 | Swamp:1  | XOM: silly message
 29417 | Swamp:1  | Noticed Donald
 29432 | Swamp:1  | Killed Donald
 29571 | Swamp:1  | XOM: 4-stop teleportation journey
 29707 | Swamp:1  | XOM: cast spell 'Olgreb's Toxic Radiance'
 29718 | Swamp:1  | XOM: summons friendly white imp
 29727 | Swamp:1  | XOM: 2-stop teleportation journey
 29920 | Swamp:1  | Noticed Frances
 29930 | Swamp:1  | Killed Frances
 29955 | Swamp:1  | XOM: god gift: 52 gold pieces
 30202 | Swamp:2  | XOM: confuse monster(s)
 30243 | Swamp:2  | XOM: summons friendly iron imp
 30290 | Swamp:2  | Noticed a thorn hunter
 30300 | Swamp:2  | Killed a thorn hunter
 30347 | Swamp:2  | XOM: 1-stop teleportation journey
 30387 | Swamp:2  | XOM: polymorph spriggan rider -> shapeshifter
 30402 | Swamp:2  | Reached skill level 18 in Fighting
 31100 | Swamp:2  | XOM: give mutations
 31100 | Swamp:2  | Gained mutation: You have hidden genetic potential. [Xom's
                  | grace]
 31100 | Swamp:2  | Gained mutation: You are mostly covered in large bone
                  | plates. (SH +6) [Xom's grace]
 31395 | Swamp:3  | Reached skill level 1 in Armour
 31603 | Swamp:3  | Noticed a fenstrider witch
 31608 | Swamp:3  | Paralysed by a fenstrider witch for 3 turns
 31918 | Swamp:2  | XOM: give mutations
 31918 | Swamp:2  | Gained mutation: You are partially covered in iridescent
                  | scales. (AC +2) [Xom's grace]
 31918 | Swamp:2  | Gained mutation: Your system is resistant to poisons.
                  | (rPois) [Xom's grace]
 31918 | Swamp:2  | Gained mutation: You have an increased reservoir of magic.
                  | (+10% MP) [Xom's grace]
 31918 | Swamp:2  | Gained mutation: You are mostly covered in iridescent
                  | scales. (AC +4) [Xom's grace]
 31989 | Swamp:3  | XOM: enchant monster (good)
 31992 | Swamp:3  | Killed a fenstrider witch
 32018 | Swamp:3  | XOM: destruction
 32023 | Swamp:3  | XOM: divination: magic mapping
 32035 | Swamp:3  | XOM: 5-stop teleportation journey
 32169 | Swamp:3  | Paralysed by a hornet for 1 turns
 32307 | Swamp:3  | XOM: give mutations
 32307 | Swamp:3  | Gained mutation: Your muscles are strong. (Str +4, Int/Dex
                  | -1) [Xom's grace]
 32307 | Swamp:3  | Gained mutation: You have supernaturally acute eyesight.
                  | (SInv) [Xom's grace]
 32307 | Swamp:3  | Gained mutation: Your spells are harder to cast, but more
                  | powerful. [Xom's grace]
 32392 | Swamp:3  | XOM: god gift: 29 gold pieces
 32535 | Swamp:3  | XOM: god gift: chain mail {god gift}
 33142 | Snake:1  | Entered Level 1 of the Snake Pit
 33170 | Snake:1  | XOM: god gift: mace {god gift}
 33186 | Snake:1  | XOM: potion effect (might)
 33693 | Snake:1  | XOM: blink monster(s)
 33890 | Snake:1  | XOM: stat loss: -1 Str (28/29)
 34017 | Snake:1  | Found Beitz's Book Boutique.
 34017 | Snake:1  | Found Foter's Jewellery Shop.
 34021 | Snake:1  | Found Uzxonn's Antique Armour Boutique.
 34033 | Snake:1  | Bought a book of Party Tricks for 272 gold pieces
 34035 | Snake:1  | Learned a level 1 spell: Apportation
 34311 | Snake:2  | XOM: chaos upgrade
 34344 | Snake:2  | Reached XP level 17. HP: 180/196 MP: 22/22
 34371 | Snake:2  | Reached skill level 5 in Translocations
 34386 | Snake:2  | XOM: give mutations
 34386 | Snake:2  | Lost mutation: You have a pair of small horns on your head.
                  | [Xom's mischief]
 34386 | Snake:2  | Lost mutation: Your muscles are strong. (Str +4, Int/Dex
                  | -1) [Xom's mischief]
 34386 | Snake:2  | Gained mutation: Your body sometimes deteriorates upon
                  | taking damage. [Xom's mischief]
 34616 | Snake:2  | Noticed Aizul
 34628 | Snake:2  | Killed Aizul
 34647 | Snake:2  | XOM: polymorph naga sharpshooter -> redback
 34677 | Snake:2  | Found a runed translucent gate.
 34678 | Snake:2  | Found a runed translucent gate.
 34679 | Snake:2  | Found a runed translucent gate.
 34680 | Snake:2  | Found an opulent altar of Gozag.
 34681 | Snake:2  | Found Yvigudar's Assorted Antiques.
 34681 | Snake:2  | Noticed Libelnon's ghost (journeyman FeIE)
 34682 | Snake:2  | Found Gosiu's Assorted Antiques.
 34796 | Snake:2  | XOM: scenery: 3 doors open
 34850 | Snake:2  | XOM: god gift: potion of ambrosia
 34903 | Snake:2  | XOM: cloud trail
 34999 | Snake:2  | XOM: scenery: summon butterflies
 35112 | Snake:2  | Noticed Louise
 35324 | Swamp:3  | Upgraded the game from 0.29-a0-1009-g60c99734e7 to
                  | 0.29-a0-1014-ga8c0faee3b
 35326 | Swamp:4  | Entered Level 4 of the Swamp
 35333 | Swamp:4  | XOM: 6-stop teleportation journey
 36048 | Swamp:4  | XOM: summons 6 friendly demons
 36052 | Swamp:4  | XOM: swap monsters
 36125 | Swamp:4  | Paralysed by a fenstrider witch for 4 turns
 36130 | Swamp:4  | Gained mutation: You are frail. (-10% HP) [a neqoxec]
 36134 | Swamp:4  | Reached skill level 19 in Fighting
 36152 | Swamp:4  | Noticed a tentacled monstrosity
 36464 | Swamp:4  | Killed a tentacled monstrosity
 37176 | Swamp:4  | Reached skill level 5 in Armour
 37383 | Swamp:4  | Got a decaying rune of Zot
 37432 | Swamp:4  | XOM: summons 2 hostile shadow creatures
 37699 | Snake:1  | XOM: god gift: club {god gift}
 38058 | Snake:2  | Killed Louise
 38164 | Snake:2  | Bought a scroll of silence for 285 gold pieces
 38169 | Snake:2  | Bought a scroll of teleportation for 99 gold pieces
 38169 | Snake:2  | Bought a potion of curing for 99 gold pieces
 38169 | Snake:2  | Bought a potion of heal wounds for 165 gold pieces
 38198 | Snake:2  | Killed Libelnon's ghost
 38582 | Snake:3  | XOM: 2-stop teleportation journey
 38757 | Snake:2  | XOM: god gift: potion of heal wounds
 38941 | Snake:3  | Reached XP level 18. HP: 157/187 MP: 23/23
 39115 | Snake:2  | XOM: scenery: summon butterflies
 39278 | Snake:3  | XOM: 5-stop teleportation journey
 39299 | Snake:3  | XOM: give mutations
 39299 | Snake:3  | Gained mutation: You are resistant to electric shocks.
                  | (rElec) [Xom's grace]
 39299 | Snake:3  | Gained mutation: Your flesh is very cold resistant. (rC++)
                  | [Xom's grace]
 39299 | Snake:3  | Lost mutation: You are frail. (-10% HP) [Xom's grace]
 39411 | Snake:3  | Reached skill level 15 in Throwing
 39411 | Snake:3  | XOM: enchant monster (good)
 39876 | Snake:3  | XOM: cast spell 'Dispersal'
 40111 | Snake:3  | XOM: 7-stop teleportation journey
 40349 | Snake:3  | Upgraded the game from 0.29-a0-1014-ga8c0faee3b to
                  | 0.29-a0-1018-g6b6670bd90
 40690 | Snake:3  | XOM: give mutations
 40690 | Snake:3  | Lost mutation: You are mostly covered in iridescent scales.
                  | (AC +4) [Xom's mischief]
 40690 | Snake:3  | Lost mutation: Your spells are harder to cast, but more
                  | powerful. [Xom's mischief]
 40723 | Snake:4  | Entered Level 4 of the Snake Pit
 40735 | Snake:4  | XOM: cast spell 'Necromutation'
 40896 | Snake:4  | XOM: noise
 41025 | Snake:4  | XOM: stat loss: -1 Str (25/26)
 41032 | Snake:4  | XOM: chaos upgrade
 41035 | Snake:4  | XOM: polymorph naga ritualist -> yak
 41201 | Snake:4  | Gained mutation: You are completely covered in large bone
                  | plates. (SH +8) [hidden potential]
 41389 | Snake:4  | XOM: god gift: 38 gold pieces
 41548 | Snake:4  | XOM: cloud trail
 41631 | Snake:4  | XOM: summons 3 hostile demons
 41635 | Snake:4  | XOM: scenery: summon butterflies
 41638 | Snake:4  | XOM: fake destruction
 41691 | Snake:4  | XOM: cloud trail
 41707 | Snake:4  | XOM: god gift: 46 gold pieces
 41777 | Snake:4  | XOM: polymorph naga warrior -> glowing shapeshifter
 41789 | Snake:4  | XOM: summons 2 friendly demons
 41792 | Snake:4  | XOM: fake destruction
 42130 | Snake:4  | XOM: polymorph naga sharpshooter -> swamp worm
 42758 | Snake:4  | Found Idghilox's Incredible Inventory.
 42767 | Snake:4  | Bought 2 potions of invisibility for 256 gold pieces
 42767 | Snake:4  | Bought a scroll of immolation for 64 gold pieces
 43008 | Snake:4  | Reached skill level 20 in Fighting
 43137 | Snake:4  | Noticed Vashnia
 43144 | Snake:4  | Killed Vashnia
 43234 | Snake:4  | XOM: noise
 43250 | Snake:4  | XOM: noise
 43367 | Snake:4  | XOM: potion effect (haste)
 43518 | Snake:4  | Got a serpentine rune of Zot
 43743 | Elf:1    | Entered Level 1 of the Elven Halls
 43752 | Elf:1    | XOM: potion effect (brilliance)
 43782 | Elf:1    | XOM: potion effect (haste)
 43788 | Elf:1    | XOM: enchant monster (good)
 43800 | Elf:1    | Noticed Asterion
 43813 | Elf:1    | Killed Asterion
 43826 | Elf:1    | Learned a level 3 spell: Portal Projectile
 43832 | Elf:1    | Learned a level 5 spell: Manifold Assault
 43902 | Elf:1    | XOM: give mutations
 43902 | Elf:1    | Gained mutation: You passively dampen the noise of your
                  | surroundings. [Xom's grace]
 43902 | Elf:1    | Gained mutation: You are mostly covered in iridescent
                  | scales. (AC +4) [Xom's grace]
 43940 | Elf:1    | XOM: enchant monster (good)
 43954 | Elf:1    | XOM: give mutations
 43954 | Elf:1    | Lost mutation: Your system is resistant to poisons. (rPois)
                  | [Xom's mischief]
 43954 | Elf:1    | Lost mutation: You passively dampen the noise of your
                  | surroundings. [Xom's mischief]
 44027 | Elf:1    | XOM: noise
 44040 | Elf:1    | Reached XP level 19. HP: 202/219 MP: 26/26
 44318 | Elf:1    | Noticed Jorgrun
 44318 | Elf:1    | XOM: 7-stop teleportation journey
 44322 | Elf:1    | XOM: summons 5 hostile demons
 44493 | Elf:1    | Killed Jorgrun
 44667 | Elf:1    | XOM: fog
 44691 | Elf:1    | Noticed Nikola
 44691 | Elf:1    | XOM: 3-stop teleportation journey
 44694 | Elf:1    | XOM: swap monsters
 44703 | Elf:1    | Killed Nikola
 44893 | Elf:1    | XOM: noise
 44997 | Elf:1    | XOM: 8-stop teleportation journey
 45051 | Elf:1    | XOM: silly message
 45327 | Elf:1    | XOM: potion effect (invisibility)
 45358 | Elf:1    | XOM: enchant monster (bad)
 45539 | Elf:1    | Got the Vellum of the Seven Souls
 45767 | Elf:1    | XOM: give mutations
 45767 | Elf:1    | Lost mutation: You are completely covered in large bone
                  | plates. (SH +8) [Xom's mischief]
 45767 | Elf:1    | Lost mutation: You have supernaturally acute eyesight.
                  | (SInv) [Xom's mischief]
 45767 | Elf:1    | Lost mutation: You have an increased reservoir of magic.
                  | (+10% MP) [Xom's mischief]
 45803 | Elf:1    | XOM: god gift: potion of mutation
 45896 | Elf:2    | Found a magical portal.
 45919 | WizLab   | Entered The Hall of the Hellbinder
 45971 | WizLab   | Gained mutation: Your mind is acute. (Int +4, Str/Dex -1)
                  | [hidden potential]
 45971 | WizLab   | Lost mutation: You have hidden genetic potential. [hidden
                  | potential expressed]
 46449 | WizLab   | XOM: summons 4 hostile demons
 46536 | WizLab   | Noticed Oniomm
 46554 | WizLab   | Noticed an Ice Fiend
 46576 | WizLab   | XOM: fake destruction
 46594 | WizLab   | Killed Oniomm the Hellbinder
 46776 | Elf:2    | XOM: divination: detect items
 46789 | Elf:2    | Paralysed by an air elemental for 1 turns
 46795 | Elf:2    | XOM: god gift: book of Dangerous Friends
 46796 | Elf:2    | XOM: cleaving
 46922 | Elf:2    | XOM: god gift: 26 gold pieces
 46949 | Elf:2    | XOM: god gift: 633 gold pieces
 47300 | Elf:2    | XOM: scenery: 1 doors close
 47428 | Elf:2    | XOM: 1-stop teleportation journey
 47431 | Elf:2    | XOM: confuse monster(s)
 47494 | Elf:2    | Found an ancient bone altar of Kikubaaqudgha.
 47498 | Elf:2    | XOM: fake destruction
 47585 | Elf:2    | XOM: noise
 48089 | Elf:2    | XOM: scenery: 1 doors close
 48102 | Elf:2    | XOM: cloud trail
 48277 | Elf:2    | Reached skill level 21 in Fighting
 48289 | Elf:2    | Found a runed translucent gate.
 48289 | Elf:2    | Found a runed translucent gate.
 48289 | Elf:2    | Found a runed translucent gate.
 48390 | Elf:3    | Entered Level 3 of the Elven Halls
 48391 | Elf:3    | XOM: god gift: potion of attraction
 48463 | Elf:2    | XOM: stat loss: -1 Str (24/25)
 48812 | Elf:3    | XOM: smoke on damage
 49063 | Elf:3    | XOM: swap monsters
 49071 | Elf:3    | Reached XP level 20. HP: 183/234 MP: 24/24
 49114 | Elf:3    | XOM: 1-stop teleportation journey
 49673 | Elf:3    | XOM: silly message
 49718 | Elf:3    | XOM: confuse monster(s)
 49798 | Elf:3    | XOM: swap monsters
 49878 | Elf:3    | XOM: 3-stop teleportation journey
 49965 | Elf:3    | XOM: enchant monster (bad)
 50075 | Elf:3    | XOM: blink monster(s)
 50075 | Elf:3    | Identified the +1 hand axe of the Scavenger {venom, *Noise
                  | rElec Will+++ Dex-5}
 50194 | Elf:3    | XOM: silly message
 50276 | Elf:3    | XOM: polymorph deep elf sorcerer -> dire elephant
 50300 | Elf:3    | Identified the +1 hand axe of an ossuary {speed, Int+5}
 50577 | Elf:3    | XOM: swap monsters
 50584 | Elf:3    | XOM: swap monsters
 50614 | Elf:3    | XOM: swap monsters
 50652 | Elf:3    | Got the Compilation of the Transmuted Sky
 50684 | Elf:3    | XOM: noise
 50685 | Elf:3    | XOM: potion effect (curing)
 50736 | Elf:3    | Upgraded the game from 0.29-a0-1018-g6b6670bd90 to
                  | 0.29-a0-1023-g6ae1a4a2c7
 50752 | Elf:3    | Got the Lessons on Shifting Kindling
 50758 | Elf:3    | Got the Anthology of the Birds and Embers
 51028 | Vaults:1 | Entered Level 1 of the Vaults
 51069 | Vaults:1 | XOM: noise
 51111 | Vaults:1 | XOM: repel stairs
 51176 | D:14     | XOM: stat loss: -1 Str (24/25)
 51357 | D:14     | XOM: summons 2 hostile demons
 51961 | Vaults:1 | XOM: enchant monster (bad)
 52042 | Vaults:1 | Found Jobloj's Armour Boutique.
 52155 | Vaults:1 | XOM: draining
 52279 | Vaults:1 | XOM: scenery: 1 doors close
 52623 | Vaults:1 | XOM: draining
 52759 | Vaults:1 | XOM: silly message
 52761 | Vaults:2 | XOM: potion effect (might)
 53026 | Vaults:2 | XOM: noise
 53091 | Vaults:2 | Noticed Margery
 53097 | Vaults:2 | XOM: divination: detect creatures
 53136 | Vaults:2 | XOM: silly message
 53143 | Vaults:2 | Killed Margery
 53144 | Vaults:2 | XOM: cast spell 'Summon Small Mammal'
 53441 | Vaults:2 | XOM: potion effect (invisibility)
 53451 | Vaults:2 | Reached skill level 22 in Fighting
 53567 | Vaults:2 | XOM: smoke on damage
 53867 | Vaults:2 | XOM: scenery: 3 doors open, 1 doors close
 54056 | Vaults:2 | Reached XP level 21. HP: 207/245 MP: 25/25
 54081 | Vaults:2 | XOM: summons 9 friendly demons
 54125 | Vaults:2 | XOM: fog
 54142 | Vaults:2 | XOM: god gift: wand of polymorph (4)
 54519 | Vaults:2 | XOM: god gift: 2 scrolls of teleportation
 54616 | Vaults:2 | XOM: god gift: 14 gold pieces
 54714 | Vaults:1 | XOM: give mutations
 54714 | Vaults:1 | Gained mutation: You have supernaturally acute eyesight.
                  | (SInv) [Xom's grace]
 54714 | Vaults:1 | Gained mutation: You passively map a small area around you.
                  | [Xom's grace]
 54714 | Vaults:1 | Gained mutation: You are completely covered in iridescent
                  | scales. (AC +6) [Xom's grace]
 54714 | Vaults:1 | Gained mutation: You are completely covered in large bone
                  | plates. (SH +8) [Xom's grace]
 54755 | Vaults:1 | XOM: give mutations
 54755 | Vaults:1 | Gained mutation: You have large cloven feet. [Xom's grace]
 54755 | Vaults:1 | Gained mutation: You have a pair of small horns on your
                  | head. [Xom's grace]
 54773 | Vaults:2 | XOM: confuse monster(s)
 54827 | Vaults:2 | XOM: polymorph necromancer -> deep troll
 54890 | Vaults:2 | XOM: silly message
 54926 | Vaults:2 | XOM: silly message
 54966 | Vaults:2 | XOM: silly message
 55169 | Vaults:2 | XOM: silly message
 55342 | Vaults:2 | XOM: potion effect (might)
 55362 | Vaults:2 | XOM: cleaving
 55574 | Vaults:2 | XOM: god gift: 44 gold pieces
 55653 | Vaults:2 | XOM: divine lightning
 55665 | Vaults:2 | XOM: summons 3 friendly demons
 55685 | Vaults:2 | Reached skill level 10 in Armour
 55686 | Vaults:2 | XOM: scenery: 2 doors close
 55694 | Vaults:2 | XOM: summons friendly white imp
 56019 | Vaults:2 | Identified the +1 leather armour of Untruth {Stlth+}
 56315 | Vaults:3 | Noticed a bone dragon
 56316 | Vaults:3 | XOM: blink monster(s)
 56331 | Vaults:3 | Killed a bone dragon
 56339 | Vaults:3 | Found a staircase to the Crypt.
 56407 | Vaults:3 | Identified the +8 chain mail "Omoimm" {Rampage rN+ rCorr
                  | MP+9}
 56836 | Vaults:3 | Found Ygom's Assorted Antiques.
 56844 | Vaults:3 | Bought a potion of curing for 99 gold pieces
 56844 | Vaults:3 | Bought a scroll of blinking for 247 gold pieces
 56844 | Vaults:3 | Bought 2 scrolls of fog for 264 gold pieces
 56893 | Vaults:3 | XOM: divination: detect creatures
 56898 | Vaults:3 | XOM: fog
 57260 | Vaults:3 | XOM: cloud trail
 57284 | Vaults:3 | XOM: scenery: 1 doors open, 1 doors close
 57707 | Vaults:3 | XOM: give mutations
 57707 | Vaults:3 | Gained mutation: Your mind is very acute. (Int +8, Str/Dex
                  | -2) [Xom's grace]
 57707 | Vaults:3 | Gained mutation: Your muscles are strong. (Str +4, Int/Dex
                  | -1) [Xom's grace]
 57707 | Vaults:3 | Gained mutation: You are somewhat resistant to further
                  | mutation. [Xom's grace]
 57707 | Vaults:3 | Gained mutation: You are robust. (+10% HP) [Xom's grace]
 58014 | Vaults:3 | Upgraded the game from 0.29-a0-1023-g6ae1a4a2c7 to
                  | 0.29-a0-1027-gcd8c55af63
 58400 | Vaults:4 | XOM: summons friendly ufetubus
 58401 | Vaults:4 | XOM: summons friendly ufetubus
 58595 | Vaults:4 | XOM: divination: magic mapping
 58694 | Vaults:4 | XOM: scenery: create altars
 58891 | Vaults:4 | Reached XP level 22. HP: 276/282 MP: 28/28
 58902 | Vaults:4 | Identified the +4 scale mail of the Desert {rC+ Str+3
                  | Int+4}
 58948 | Vaults:4 | XOM: enchant monster (good)
 59143 | Crypt:1  | Entered Level 1 of the Crypt
 59149 | Crypt:1  | XOM: cleaving
 59198 | Crypt:1  | Reached skill level 23 in Fighting
 59383 | Crypt:1  | XOM: summons 5 friendly demons
 59388 | Crypt:1  | XOM: scenery: create altars
 59470 | Crypt:1  | XOM: enchant monster (good)
 59511 | Crypt:1  | XOM: noise
 59541 | Crypt:1  | Identified the +3 robe of the Stars {Regen+}
 59773 | Crypt:1  | Reached skill level 5 in Spellcasting
 59924 | Crypt:1  | XOM: silly message
 60399 | Crypt:2  | XOM: divination: magic mapping
 60430 | Crypt:2  | XOM: chaos cloud
 60470 | Crypt:2  | XOM: 2-stop teleportation journey
 60692 | Crypt:1  | XOM: torment (140/286 hp)
 60859 | Crypt:1  | XOM: give mutation
 60859 | Crypt:1  | Lost mutation: Your body sometimes deteriorates upon taking
                  | damage. [Xom's mischief]
 61114 | Crypt:2  | XOM: smoke on damage
 61292 | Crypt:1  | XOM: silly message
 61516 | Crypt:2  | XOM: summons 2 hostile shadow creatures
 61935 | Crypt:2  | XOM: blink monster(s)
 62161 | Crypt:2  | XOM: summons 4 hostile shadow creatures
 62164 | Crypt:2  | XOM: butterfly on damage
 62246 | Crypt:1  | XOM: give mutation
 62246 | Crypt:1  | Lost mutation: Your mind is very acute. (Int +8, Str/Dex
                  | -2) [Xom's mischief]
 62271 | Crypt:1  | XOM: give mutations
 62271 | Crypt:1  | Lost mutation: You possess an exceptional clarity of mind.
                  | [Xom's mischief]
 62271 | Crypt:1  | Lost mutation: Your muscles are strong. (Str +4, Int/Dex
                  | -1) [Xom's mischief]
 62271 | Crypt:1  | Lost mutation: You are somewhat resistant to further
                  | mutation. [Xom's mischief]
 63133 | Crypt:3  | Entered Level 3 of the Crypt
 63174 | Crypt:3  | XOM: blink monster(s)
 63222 | Crypt:3  | XOM: give mutations
 63222 | Crypt:3  | Lost mutation: You are resistant to electric shocks.
                  | (rElec) [Xom's mischief]
 63222 | Crypt:3  | Lost mutation: You are completely covered in iridescent
                  | scales. (AC +6) [Xom's mischief]
 63222 | Crypt:3  | Lost mutation: Your spells are a little harder to cast, but
                  | a little more powerful. [Xom's mischief]
 63222 | Crypt:3  | Lost mutation: Your flesh is very cold resistant. (rC++)
                  | [Xom's mischief]
 63766 | Crypt:3  | Found a basalt altar of Yredelemnul.
 63822 | Crypt:3  | XOM: chaos upgrade
 63831 | Crypt:3  | XOM: swap monsters
 63837 | Crypt:3  | XOM: god gift: scroll of teleportation
 63893 | Crypt:3  | XOM: enchant monster (good)
 63913 | Crypt:3  | Reached XP level 23. HP: 274/295 MP: 32/32
 63923 | Crypt:3  | XOM: summons friendly ufetubus
 63929 | Crypt:3  | XOM: polymorph ufetubus -> white imp
 63942 | Crypt:3  | XOM: enchant monster (good)
 64333 | Crypt:3  | Identified the +5 whip "Zeuj" {drain, rF- Will+ Dex+3}
 64705 | Crypt:2  | XOM: scenery: summon butterflies
 64965 | Crypt:3  | XOM: polymorph large abomination -> large abomination
 65002 | Crypt:3  | XOM: noise
 65017 | Crypt:3  | XOM: god gift: scroll labelled VAERARALES {god gift}
 65022 | Crypt:3  | Identified a scroll of acquirement
 65050 | Crypt:3  | Acquired the +2 hat of Ilugo {Will+ Slay+3 SInv}
 65086 | Crypt:3  | XOM: scenery: 6 doors close
 65094 | Crypt:3  | Identified the ring "Patob" {SInv Stlth+}
 65094 | Crypt:3  | Noticed Jory
 65094 | Crypt:3  | XOM: swap monsters
 65105 | Crypt:3  | XOM: divination: magic mapping
 65111 | Crypt:3  | XOM: summons 1 hostile shadow creature
 65117 | Crypt:3  | XOM: draining
 65125 | Crypt:3  | Killed Jory
 65410 | Crypt:3  | Found a staircase to the Tomb.
 65419 | Crypt:3  | Identified the +7 scale mail of Lozalid {Int+4}
 65791 | Crypt:3  | Identified the amulet "Warat" {Faith +Blink}
 66218 | Depths:1 | Entered Level 1 of the Depths
 66222 | Depths:1 | Noticed Mara
 66272 | Depths:1 | Found a transporter.
 66326 | Depths:1 | XOM: summons friendly shadow imp
 66335 | Depths:1 | XOM: swap monsters
 66365 | Depths:1 | XOM: confuse monster(s)
 66377 | Depths:1 | Killed Mara
 66392 | Depths:1 | Reached skill level 24 in Fighting
 66434 | Depths:1 | XOM: summons 12 hostile demons
 66842 | Depths:1 | XOM: give mutations
 66842 | Depths:1 | Lost mutation: You are robust. (+10% HP) [Xom's mischief]
 66842 | Depths:1 | Gained mutation: Your body sometimes deteriorates upon
                  | taking damage. [Xom's mischief]
 67047 | Depths:1 | Found a gateway to Hell.
 67350 | Snake:1  | Bought the ring of the Tuna {rN+ rCorr Int+5 Stlth+} for
                  | 623 gold pieces
 67358 | Snake:1  | Bought the ring of the Mage {Wiz Archmagi} for 714 gold
                  | pieces
 67358 | Snake:1  | Found the ring of the Mage {Wiz Archmagi}
 67487 | D:13     | XOM: give mutations
 67487 | D:13     | Lost mutation: You passively map a small area around you.
                  | [Xom's mischief]
 67487 | D:13     | Gained mutation: Your body often deteriorates upon taking
                  | damage. [Xom's mischief]
 67487 | D:13     | Gained mutation: You occasionally lose the ability to read
                  | scrolls when taking damage. [Xom's mischief]
 67488 | D:13     | Lost mutation: You are mostly covered in iridescent scales.
                  | (AC +4) [potion of mutation]
 67488 | D:13     | Lost mutation: Your flesh is cold resistant. (rC+) [potion
                  | of mutation]
 67500 | D:13     | Lost mutation: You are completely covered in large bone
                  | plates. (SH +8) [potion of mutation]
 67500 | D:13     | Lost mutation: You are partially covered in iridescent
                  | scales. (AC +2) [potion of mutation]
 67500 | D:13     | Lost mutation: You occasionally lose the ability to read
                  | scrolls when taking damage. [potion of mutation]
 67500 | D:13     | Lost mutation: You have a pair of small horns on your head.
                  | [potion of mutation]
 67598 | Depths:2 | Noticed Saint Roka
 67608 | Depths:2 | Killed Saint Roka
 67786 | Depths:1 | XOM: god gift: trident {god gift}
 67871 | Depths:2 | Found a white marble altar of Elyvilon.
 68446 | Depths:1 | XOM: draining
 68649 | Depths:2 | XOM: polymorph ufetubus -> white imp
 68671 | Depths:2 | XOM: god gift: 16 gold pieces
 69255 | Depths:2 | XOM: destruction
 69303 | Depths:2 | Noticed a royal mummy
 69318 | Depths:2 | Killed a royal mummy
 69319 | Depths:2 | Reached XP level 24. HP: 60/269 MP: 34/34
 69566 | Depths:1 | XOM: cloud trail
 69744 | Depths:2 | Found a one-way gate leading to the halls of Pandemonium.
 69777 | Depths:2 | XOM: god gift: 42 gold pieces
 69841 | Depths:2 | XOM: give mutations
 69841 | Depths:2 | Gained mutation: Your mind is very acute. (Int +8, Str/Dex
                  | -2) [Xom's grace]
 69841 | Depths:2 | Gained mutation: Your system is resistant to poisons.
                  | (rPois) [Xom's grace]
 69841 | Depths:2 | Gained mutation: You are strong-willed. (Will+) [Xom's
                  | grace]
 69841 | Depths:2 | Gained mutation: You are partially covered in iridescent
                  | scales. (AC +2) [Xom's grace]
 69863 | Depths:2 | Found Big Baal Hell's Store.
 69909 | Depths:2 | XOM: scenery: 1 doors close
 69920 | Depths:2 | XOM: noise
 70064 | Depths:2 | XOM: torment (155/279 hp)
 70147 | Depths:2 | XOM: summons 7 hostile demons
 70287 | Depths:2 | XOM: scenery: 1 doors close
 70546 | Depths:3 | XOM: cloud trail
 70719 | Depths:3 | Found a one-way gate to the infinite horrors of the Abyss.
 70873 | Depths:3 | XOM: polymorph rakshasa -> hell hog
 70876 | Depths:3 | XOM: divination: magic mapping
 70882 | Depths:3 | XOM: cast spell 'Statue Form'
 71528 | Depths:3 | Found Umetiq's Magic Scroll Shoppe.
 71534 | Depths:3 | Bought 3 scrolls of enchant armour for 382 gold pieces
 71534 | Depths:3 | Bought a scroll of fog for 68 gold pieces
 71588 | Depths:3 | XOM: silly message
 71788 | Depths:3 | XOM: divination: detect items
 71838 | Depths:3 | XOM: silly message
 71935 | Depths:3 | XOM: silly message
 72192 | Depths:3 | Noticed a caustic shrike
 72192 | Depths:3 | XOM: confuse monster(s)
 72194 | Depths:3 | Killed a caustic shrike
 72195 | Depths:3 | Reached skill level 10 in Translocations
 72253 | Depths:3 | Identified the +11 long sword "Gem Ceu" {antimagic, rF- rC+
                  | Will+}
 72343 | Depths:4 | XOM: stealth player
 72343 | Depths:4 | Entered Level 4 of the Depths
 72375 | Depths:4 | Noticed a juggernaut
 72379 | Depths:4 | Killed a juggernaut
 72499 | Depths:4 | Found an ancient bone altar of Kikubaaqudgha.
 72580 | Depths:4 | Found a one-way gateway to a ziggurat.
 73442 | Depths:4 | XOM: god gift: 33 gold pieces
 73478 | Depths:4 | Found a gate to the Realm of Zot.
 73705 | Depths:4 | XOM: noise
 73929 | Depths:2 | XOM: cloud trail
 73954 | Depths:2 | XOM: polymorph stone giant -> shapeshifter
 74238 | Slime:1  | Entered Level 1 of the Pits of Slime
 74350 | Lair:5   | XOM is BORED!
 74350 | Lair:5   | XOM: give mutations
 74350 | Lair:5   | Gained mutation: You occasionally shout uncontrollably at
                  | your foes. [Xom's mischief]
 74350 | Lair:5   | Lost mutation: You are mostly covered in large bone plates.
                  | (SH +6) [Xom's mischief]
 74350 | Lair:5   | Lost mutation: You are partially covered in iridescent
                  | scales. (AC +2) [Xom's mischief]
 74350 | Lair:5   | Lost mutation: You are strong-willed. (Will+) [Xom's
                  | mischief]
 74551 | Slime:2  | XOM: divination: magic mapping
 74586 | Slime:1  | XOM: 1-stop teleportation journey
 74592 | Slime:2  | Gained mutation: You are weak. (Str -2) [a shining eye]
 74626 | Slime:3  | XOM: noise
 74703 | Slime:4  | XOM: divination: detect creatures
 74707 | Slime:4  | XOM: noise
 75278 | Slime:5  | Entered Level 5 of the Pits of Slime
 75288 | Slime:5  | XOM: confuse monster(s)
 75405 | Slime:4  | XOM: 11-stop teleportation journey
 75483 | Slime:5  | XOM: divination: magic mapping
 75484 | Slime:5  | XOM: noise
 75497 | Slime:5  | Noticed the Royal Jelly
 75607 | Slime:4  | XOM: divination: detect items
 75683 | Slime:4  | XOM: 5-stop teleportation journey
 75885 | Slime:4  | XOM: god gift: scroll of vulnerability
 75897 | Slime:5  | Upgraded the game from 0.29-a0-1027-gcd8c55af63 to
                  | 0.29-a0-1030-gf5f8719cae
 75900 | Slime:5  | Reached XP level 25. HP: 281/293 MP: 34/34
 75939 | Slime:5  | XOM: god gift: box of beasts
 75973 | Slime:5  | XOM: blink monster(s)
 75974 | Slime:5  | Gained mutation: You occasionally lose the ability to drink
                  | potions when taking damage. [a shining eye]
 76465 | Slime:5  | XOM: enchant monster (good)
 76493 | Slime:5  | XOM: summons friendly iron imp
 76742 | Slime:4  | XOM: summons 2 hostile demons
 76829 | Slime:5  | XOM: cloud trail
 76853 | Slime:5  | Found a viscous altar of Jiyva.
 76882 | Slime:5  | Killed the Royal Jelly
 76883 | Slime:5  | Reached skill level 25 in Fighting
 76896 | Slime:5  | XOM: scenery: create altars
 76907 | Slime:5  | XOM: enchant monster (good)
 77080 | Slime:5  | Identified the +7 spear of Balotest {vorpal, rF- rCorr
                  | Str+8 Int-2}
 77100 | Slime:5  | Identified the +5 battleaxe "Qokacax" {freeze, rPois Will+
                  | Dex+4 Stlth-}
 77154 | Slime:5  | Identified the amulet "Inui" {Acrobat Fly rPois rC- rCorr}
 77168 | Slime:5  | Got a slimy rune of Zot
 77175 | Slime:5  | Got the Treatise on Interference and the Swarm
 77366 | Lair:5   | XOM: god gift: shortbow {god gift}
 77505 | D:10     | XOM: scenery: summon butterflies
 77646 | Depths:2 | XOM: cloud trail
 77738 | Zot:1    | Entered Level 1 of the Realm of Zot
 78251 | Zot:1    | XOM: 6-stop teleportation journey
 78630 | Depths:4 | XOM: give mutations
 78630 | Depths:4 | Gained mutation: You passively map a small area around you.
                  | [Xom's grace]
 78630 | Depths:4 | Gained mutation: You have a pair of small horns on your
                  | head. [Xom's grace]
 78693 | Zot:1    | Identified the ring of Compulsion {Ice rElec rN+ Stlth+}
 78693 | Zot:1    | Noticed Josephina
 78713 | Zot:1    | Killed Josephina
 78802 | Zot:1    | XOM: 1-stop teleportation journey
 79265 | Zot:1    | XOM: potion effect (curing)
 79587 | Zot:2    | You fall into a shaft and drop 1 floor!
 79963 | Zot:2    | XOM: 1-stop teleportation journey
 80445 | Zot:2    | XOM: summons 2 friendly demons
 80706 | Zot:3    | XOM: scenery: 3 doors open, 1 doors close
 80984 | Zot:3    | XOM: 8-stop teleportation journey
 81513 | Zot:3    | XOM: summons 5 hostile demons
 81602 | Zot:4    | Noticed an orb of fire
 81602 | Zot:4    | Gained mutation: You frequently scream uncontrollably at
                  | your foes. [an orb of fire]
 81604 | Zot:4    | Gained mutation: You sometimes lose the ability to drink
                  | potions when taking damage. [an orb of fire]
 81608 | Zot:4    | XOM: torment (128/296 hp)
 81610 | Zot:4    | Killed an orb of fire
 81670 | Zot:3    | Lost mutation: You sometimes lose the ability to drink
                  | potions when taking damage. [potion of mutation]
 81670 | Zot:3    | Lost mutation: You passively map a small area around you.
                  | [potion of mutation]
 81670 | Zot:3    | Lost mutation: You are weak. (Str -2) [potion of mutation]
 81670 | Zot:3    | Lost mutation: You have large cloven feet. [potion of
                  | mutation]
 82176 | Zot:4    | Noticed a Killer Klown
 82182 | Zot:4    | XOM: give mutations
 82182 | Zot:4    | Lost mutation: Your mind is very acute. (Int +8, Str/Dex
                  | -2) [Xom's mischief]
 82182 | Zot:4    | Lost mutation: Your mind is acute. (Int +4, Str/Dex -1)
                  | [Xom's mischief]
 82182 | Zot:4    | Gained mutation: You sometimes lose the ability to drink
                  | potions when taking damage. [Xom's mischief]
 82182 | Zot:4    | Gained mutation: Armour fits poorly on your strangely
                  | shaped body. [Xom's mischief]
 82183 | Zot:4    | Killed a Killer Klown
 82197 | Zot:4    | Lost mutation: Armour fits poorly on your strangely shaped
                  | body. [potion of mutation]
 82197 | Zot:4    | Lost mutation: You have a pair of small horns on your head.
                  | [potion of mutation]
 82197 | Zot:4    | Gained mutation: You are weak. (Str -2) [potion of
                  | mutation]
 82198 | Zot:4    | Lost mutation: You sometimes lose the ability to drink
                  | potions when taking damage. [potion of mutation]
 82198 | Zot:4    | Lost mutation: Your system is resistant to poisons. (rPois)
                  | [potion of mutation]
 82198 | Zot:4    | Lost mutation: You have supernaturally acute eyesight.
                  | (SInv) [potion of mutation]
 82198 | Zot:4    | Lost mutation: Your body often deteriorates upon taking
                  | damage. [potion of mutation]
 82198 | Zot:4    | Gained mutation: Armour fits poorly on your strangely
                  | shaped body. [potion of mutation]
 82199 | Zot:4    | Lost mutation: You are partially covered in large bone
                  | plates. (SH +4) [potion of mutation]
 82199 | Zot:4    | Lost mutation: Armour fits poorly on your strangely shaped
                  | body. [potion of mutation]
 82199 | Zot:4    | Lost mutation: Your body sometimes deteriorates upon taking
                  | damage. [potion of mutation]
 82199 | Zot:4    | Gained mutation: Your body sometimes deteriorates upon
                  | taking damage. [potion of mutation]
 82200 | Zot:4    | Lost mutation: Your body sometimes deteriorates upon taking
                  | damage. [potion of mutation]
 82200 | Zot:4    | Lost mutation: You occasionally lose the ability to drink
                  | potions when taking damage. [potion of mutation]
 82200 | Zot:4    | Gained mutation: Your movements are slightly less
                  | encumbered by armour. (ER -2) [potion of mutation]
 82200 | Zot:4    | Gained mutation: You have supernaturally acute eyesight.
                  | (SInv) [potion of mutation]
 82296 | Zot:4    | XOM: swap monsters
 82328 | Zot:4    | Noticed a Killer Klown
 82332 | Zot:4    | XOM: chaos upgrade
 82341 | Zot:4    | Killed a Killer Klown
 82342 | Zot:4    | Reached XP level 26. HP: 177/306 MP: 34/34
 82352 | Zot:4    | XOM: 2-stop teleportation journey
 82635 | Zot:4    | XOM: chaos cloud
 82639 | Zot:4    | XOM: enchant monster (bad)
 82846 | Zot:4    | Noticed an orb of fire
 82847 | Zot:4    | XOM: swap monsters
 82866 | Zot:4    | XOM: chaos upgrade
 83004 | Zot:3    | XOM: god gift: staff of earth
 83174 | Depths:4 | XOM: god gift: scroll of fog
 83205 | Depths:2 | XOM: cloud trail
 83327 | D:14     | XOM: silly message
 83458 | Vaults:5 | Entered Level 5 of the Vaults
 83462 | Vaults:5 | XOM: potion effect (might)
 83779 | Vaults:5 | Noticed an ancient lich
 83787 | Vaults:5 | Killed an ancient lich
 83993 | Vaults:5 | XOM: silly message
 84045 | Vaults:5 | XOM: cast spell 'Call Canine Familiar'
 84084 | Vaults:5 | Noticed a dread lich
 84088 | Vaults:5 | Killed a dread lich
 84089 | Vaults:5 | Reached skill level 26 in Fighting
 84319 | Vaults:5 | XOM: silly message
 84347 | Vaults:5 | XOM: divination: detect creatures
 84488 | Vaults:5 | Identified the ring "Haidot" {Contam +Blink rPois rN+
                  | Str+6}
 84641 | Vaults:5 | XOM: cast spell 'Call Canine Familiar'
 85134 | Vaults:5 | XOM: cast spell 'Cause Fear'
 85370 | Vaults:5 | Found the ring of the Hare {EV+8}
 85392 | Vaults:5 | Got Ejunnud's Tractate on the Crypt
 85413 | Vaults:5 | XOM is BORED!
 85413 | Vaults:5 | XOM: noise
 85418 | Vaults:5 | Reached XP level 27. HP: 318/318 MP: 19/34
 85463 | Vaults:5 | Got a silver rune of Zot
 85721 | Vaults:5 | XOM: give mutation
 85721 | Vaults:5 | Gained mutation: You are frail. (-10% HP) [Xom's mischief]
 86014 | Depths:2 | XOM: silly message
 86153 | Zot:1    | XOM is BORED!
 86153 | Zot:1    | XOM: noise
 86263 | Zot:4    | XOM: chaos cloud
 86327 | Zot:3    | XOM: silly message
 86392 | Zot:3    | XOM: give mutations
 86392 | Zot:3    | Gained mutation: Your body sometimes deteriorates upon
                  | taking damage. [Xom's mischief]
 86392 | Zot:3    | Gained mutation: You are covered in fur. (AC +1) [Xom's
                  | mischief]
 86392 | Zot:3    | Gained mutation: Armour fits poorly on your strangely
                  | shaped body. [Xom's mischief]
 86392 | Zot:3    | Lost mutation: You are weak. (Str -2) [Xom's mischief]
 86696 | Zot:4    | Killed an orb of fire
 87025 | Zot:4    | XOM: summons 3 hostile demons
 87034 | Zot:4    | XOM: summons 3 hostile shadow creatures
 87590 | Zot:5    | Entered Level 5 of the Realm of Zot
 87608 | Zot:5    | Found a bloodstained altar of Trog.
 88102 | Zot:4    | HP: 1/286 [Orb Guardian (14)]
 88103 | Zot:4    | Annihilated by an Orb Guardian

Illustrated notes

Levels and vault maps discovered:
D:1:      eino_arrival_druids_welcome, layout_loops_ring
D:2:      layout_rooms, minmay_rat_hole, uniq_natasha, uniq_jessica
D:3:      layout_loops_corners, grunt_nemelex_the_gamble, serial_shops, shop,
          glass_columns_a, uniq_ijyb
D:4:      layout_rooms, lemuel_tele_altar, kennysheep_generic_room_16
D:5:      layout_rooms, mainiacjoe_overflow_big_doors,
          minmay_temple_entry_proselytizer, minmay_gold_behind_fungi
D:6:      layout_basic, nicolae_ru_path_of_blood,
          nicolae_ossuary_entry_false_entrances
D:7:      layout_basic, grunt_temple_overflow_gold_and_silver
D:8:      layout_layer_cave, enter_bailey_2
D:9:      layout_long_grid, erik_orc_1, grunt_decor_cap,
          minmay_mirror_moons_of_madness
D:10:     layout_loops_ring, grunt_lair_entry_orc_guard_hut
D:11:     layout_grid_maze, serial_shops, nicolae_square_shop
D:12:     layout_small_grid, dreamdust_wasp_nest, uniq_snorg
D:13:     layout_big_octagon, uniq_rupert
D:14:     layout_gridville, david_vaults_2, nicolae_hepliaklqana_hazy_memory
D:15:     hangedman_depths_entry_civil_slaughter, layout_long_grid,
          nicolae_qazlal_style_of_elements, uniq_azrael
Temple:   nicolae_temple_superstar
Lair:1:   layout_cave_shapes, chequers_serial_rivers_room_a
Lair:2:   layout_chaotic_city, dummy_snake_entry, chequers_serial_rivers_room_a
Lair:3:   layout_layer_cave, minmay_swamp_entry_worms, enter_volcano_4,
          grunt_megastairs_5
Lair:4:   layout_cave_pods, serial_bayou_pond_b
Lair:5:   minmay_lair_end_frog_pond, layout_hall_layers,
          minmay_slime_entry_oklob_enclosed, serial_bayou_pond_a, minivault_11,
          serial_bayou_shore_a, infiniplex_staircase_pool, uniq_kirke
Swamp:1:  layout_basic_swamp, nicolae_swamp_little_tower, uniq_roxanne,
          uniq_frances, uniq_donald
Swamp:2:  layout_basic_swamp, evilmike_swamp_ruin_house_3, swamp_pool4,
          infiniplex_staircase_pool_2
Swamp:3:  layout_falls_marsh, nicolae_swamp_small_spring, swamp_pool3
Swamp:4:  nzn_swamp_witches_coven, layout_basic_swamp
Snake:1:  layout_chambers, hangedman_snake_thin_pillar_pass,
          nicolae_wooded_promenade
Snake:2:  layout_onion, ebering_ghost_gozag, uniq_aizul, uniq_louise
Snake:3:  layout_misc_corridors, nicolae_snake_storage_room
Snake:4:  grunt_snake_rune_serpentine_throne, layout_chambers,
          hangedman_snake_wide_pillar_pass, nicolae_alphabet_shops,
          chequers_hall_statues_y
Slime:1:  layout_caves, nicolae_slime_barrier
Slime:2:  layout_caves
Slime:3:  cheibrodos_slime_lost_civilization_9, layout_caves
Slime:4:  layout_caves
Slime:5
Orc:1:    layout_diamond_mine, serial_shops, shop_fountains, uniq_gastronok,
          uniq_erolcha
Orc:2:    kennysheep_orc_mage_school, layout_caves, minmay_orc_temple_b
Elf:1:    elf_arrival_001, layout_loops_corners, minmay_elf_necromancy,
          bh_hangedman_babel_library, uniq_asterion, uniq_jorgrun, uniq_nikola
Elf:2:    nicolae_elf_blades_splatter_lattice [nicolae_blade_little_rooms],
          layout_geoelf_grid, basic_altar, lightli_enter_wizlab_magi_temple,
          portal_desolation_entry_salt, kb_rosetta
Elf:3:    elf_hall_gauntlet_narrow, layout_loops_cross
Vaults:1: v_alt_pattern_2, v_misc_4, vaults_room_boxed, ontoclasm_vaults_spin,
          serial_ice_h, dpeg_vaults_monster_box, layout_vaults_chaotic_city,
          serial_shops, shop
Vaults:2: nicolae_vaults_octagons, nicolae_vaults_windows_and_doors_thing,
          vaults_dpeg_cross, ontoclasm_vaults_misaligned, vaults_room_hallway,
          nicolae_vaults_disjoint_gnomons, vaults_room_door_ring,
          nicolae_vaults_hallways_thing, vaults_room_ringed_pool, v_misc_28,
          ontoclasm_vaults_chip, v_pattern_4, v_misc_2, ontoclasm_vaults_idyll,
          v_misc_24, layout_vaults_maze_bifur, uniq_margery
Vaults:3: st_cross, serial_ice_g, v_misc_27, v_misc_15,
          minmay_crypt_entry_nasty_monster, ontoclasm_vaults_misaligned,
          vaults_dpeg_diagonal, ontoclasm_vaults_loading_screen,
          vaults_dpeg_ring, nicolae_vaults_mini_display_case,
          layout_vaults_omnigrid, serial_shops, shop
Vaults:4: v_alt_pattern_6, st_smaller_cells, vaults_dpeg_hooks,
          hangedman_vaults_impose, nicolae_vaults_inception_scallops,
          nicolae_vaults_rhombus_5, v_pattern_1,
          ontoclasm_vaults_loading_screen, v_alt_pattern_3, vaults_room_fours,
          vaults_room_semicircle, grunt_vaults_hallway_short,
          nicolae_vaults_rhombus_5, layout_vaults_omnibox
Vaults:5
Crypt:1:  layout_chaotic_city
Crypt:2:  layout_gridlike
Crypt:3:  grunt_crypt_end_deaths_head
Depths:1: nzn_winding_woodlands_cross [nzn_winding_woodlands_5x15_pockets,
          nzn_winding_woodlands_5x15_eye, nzn_winding_woodlands_5x15_parted,
          nzn_winding_woodlands_5x15_garden,
          nzn_winding_woodlands_15x15_killbox], layout_cave_pools, hell_entry,
          minmay_misc_feat_square, nicolae_diode_basic, uniq_mara
Depths:2: lemuel_minitomb, layout_gridlike, nicolae_hell_entry_big_baal_hell,
          minmay_hedge_maze, grunt_pan_entry_zigzag,
          nicolae_elyvilon_peaceful_grove, minmay_staircase_bubble,
          uniq_saint_roka
Depths:3: minmay_box_of_curves, layout_gridlike, chequers_serial_rivers_micro_e,
          nicolae_abyss_entry_one_way_or_another, serial_shops, shop,
          pf_coc_iceberg, nicolae_burly_brawl
Depths:4: evilmike_zot_entry_hall, layout_gridlike, enter_ziggurat_a,
          hell_entry, lemuel_crystal_altar
Zot:1:    layout_gridlike, grunt_ministairs_11, st_stairs_3, uniq_josephina
Zot:2:    layout_basic
Zot:3:    layout_twisted_circle
Zot:4:    cheibrodos_zot_enchanting_chambers, layout_twisted_circle
Zot:5:    layout_misc_corridors, basic_altar, grunt_ministairs_1

Skill      XL: |  1  2  3  4  5  6  7  8  9 10 11 12 13 14 15 16 17 18 19 20 21 22 23 24 25 26 27 |
---------------+----------------------------------------------------------------------------------+-----
Fighting       | 3 4 5 6 7 9 11 12 14 15 16 17 18 19 20 21 22 23 24 25 26 | 26.0
Throwing       | 1 2 3 4 5 6 8 9 10 11 12 13 14 15 17 18 19 20 21 22 23 24 | 24.4
Maces & Flails | 1 2 3 4 5 6 8 10 12 13 14 16 17 18 19 20 21 22 23 24 25 | 25.2
Spellcasting   | 2 3 4 6 7 |  7.7
Translocations | 2 3 4 5 6 8 9 10 11 12 13 | 13.1
Dodging        | 2 5 6 7 |  7.7
Evocations     | 2 3 4 |  4.4
Armour         | 3 5 6 8 9 10 11 12 13 | 13.7
Ranged Weapons | |  2.9
Stealth        | |  0.6

Action                   |  1- 3 |  4- 6 |  7- 9 | 10-12 | 13-15 | 16-18 | 19-21 | 22-24 | 25-27 || total
-------------------------+-------+-------+-------+-------+-------+-------+-------+-------+-------++-------
Melee: Whip              |     8 |    93 |   193 |   248 |   289 |    48 |       |       |       ||   879
       Punch             |       |     1 |     3 |     9 |     4 |     1 |       |       |       ||    18
       Dagger            |       |    11 |       |       |       |       |       |       |       ||    11
       Mace              |       |       |       |    44 |    25 |       |       |       |       ||    69
       Giant club        |       |       |       |   201 |   366 |   180 |       |       |       ||   747
       Flail             |       |       |       |       |    11 |       |       |       |       ||    11
       Headbutt          |       |       |       |       |     7 |    52 |    75 |   209 |    17 ||   360
       Giant spiked club |       |       |       |       |       |   562 |   872 |   379 |   453 ||  2266
       Staff             |       |       |       |       |       |       |     3 |       |       ||     3
       Great mace        |       |       |       |       |       |       |   103 |   668 |       ||   771
       Kick              |       |       |       |       |       |       |   131 |   427 |    42 ||   600
 Fire: Shortbow          |   100 |    88 |    67 |       |       |       |       |       |       ||   255
Throw: Dart              |     3 |       |     1 |    75 |   160 |    44 |    31 |     4 |    17 ||   335
       Stone             |       |       |     3 |   116 |    14 |     6 |    13 |       |       ||   152
       Large rock        |       |       |     4 |    38 |   231 |   178 |    41 |   469 |   608 ||  1569
       Boomerang         |       |       |       |   124 |    60 |    21 |    97 |       |       ||   302
       Throwing net      |       |       |       |     2 |       |       |     2 |       |       ||     4
       Javelin           |       |       |       |       |       |    24 |    36 |    32 |    21 ||   113
 Cast: Blink             |       |       |       |       |     1 |       |     1 |     2 |     3 ||     7
       Portal Projectile |       |       |       |       |       |       |     4 |       |     4 ||     8
       Lesser Beckoning  |       |       |       |       |       |       |       |     1 |       ||     1
       Manifold Assault  |       |       |       |       |       |       |       |     4 |    59 ||    63
       Apportation       |       |       |       |       |       |       |       |       |     2 ||     2
Evoke: Wand              |       |       |     3 |     4 |    16 |    30 |    18 |    14 |     8 ||    93
       Lightning rod     |       |       |       |     2 |    13 |     5 |     9 |       |     3 ||    32
       Condenser vane    |       |       |       |       |     1 |     2 |     2 |     3 |     4 ||    12
       Phantom mirror    |       |       |       |       |       |     2 |     1 |     2 |     1 ||     6
       Tin of tremorston |       |       |       |       |       |       |     2 |       |       ||     2
       Piece from Xom's  |       |       |       |       |       |       |     9 |       |       ||     9
       Box of beasts     |       |       |       |       |       |       |       |       |     1 ||     1
  Use: Scroll            |       |     5 |     8 |    16 |    19 |    15 |    14 |    16 |    22 ||   115
       Potion            |       |     2 |     1 |     8 |    16 |    21 |    14 |     8 |    14 ||    84
 Stab: Confused          |       |       |       |     3 |       |       |     2 |    12 |       ||    17
       Paralysed         |       |       |       |       |     4 |     2 |       |     5 |       ||    11
       Sleeping          |       |       |       |       |     5 |     5 |     7 |     2 |     2 ||    21
       Petrified         |       |       |       |       |     6 |     1 |       |     2 |     2 ||    11
       Distracted        |       |       |       |       |     1 |     2 |     1 |       |       ||     4
       Petrifying        |       |       |       |       |     1 |     1 |     1 |     2 |       ||     5
       Invisible         |       |       |       |       |       |     2 |    11 |     9 |     4 ||    26
Armor: Robe              |    14 |    20 |    44 |    84 |    17 |    40 |    59 |    61 |    13 ||   352
       Skin              |       |       |       |    60 |     6 |    32 |       |     4 |       ||   102
       Troll leather arm |       |       |       |       |   115 |    17 |       |       |       ||   132
       Animal skin       |       |       |       |       |    17 |       |       |       |       ||    17
       Swamp dragon scal |       |       |       |       |       |   104 |   136 |   183 |       ||   423
       Fire dragon scale |       |       |       |       |       |       |       |     6 |    56 ||    62
       Gold dragon scale |       |       |       |       |       |       |       |       |    81 ||    81
Dodge: Dodged            |    22 |    45 |    47 |   134 |   226 |   275 |   297 |   340 |   113 ||  1499
       Repelled          |       |       |       |       |       |    23 |    13 |     5 |     1 ||    42
Block: Other             |       |       |    18 |    84 |   115 |   333 |   356 |   423 |    81 ||  1410
       Reflection        |       |       |     1 |     4 |    15 |    36 |    54 |     7 |     3 ||   120

Table legend: (Time is in decaauts)
 A = Elapsed time spent in this place.
 B = Non-inter-level travel time spent in this place.
 C = Inter-level travel time spent in this place.
 D = Time resting spent in this place.
 E = Time spent auto-exploring this place.
 F = Levels seen in this place.
 G = Mean time per level.
                   A        B        C        D        E       F      G
               +--------+--------+--------+--------+--------+-----+--------+
         Total |  87124 |  80673 |   6451 |  25760 |  27355 |  58 | 1502.1 |
       Dungeon |  18332 |  16127 |   2205 |   3729 |   7313 |  15 | 1222.1 |
        Temple |     26 |     26 |      0 |      0 |      0 |   1 |   26.0 |
          Lair |   9172 |   8013 |   1159 |   3010 |   2608 |   5 | 1834.4 |
         Swamp |   6503 |   6228 |    275 |   2327 |   1756 |   4 | 1625.8 |
     Snake Pit |   8154 |   7684 |    470 |   2792 |   2682 |   4 | 2038.5 |
    Slime Pits |   2836 |   2836 |      0 |   1498 |      0 |   5 |  567.2 |
  Orcish Mines |   2500 |   2379 |    121 |    684 |    301 |   2 | 1250.0 |
   Elven Halls |   6245 |   6018 |    227 |   1890 |   2053 |   3 | 2081.7 |
        Vaults |  10362 |   9643 |    719 |   2682 |   3382 |   5 | 2072.4 |
         Crypt |   6653 |   6448 |    205 |   3042 |   1478 |   3 | 2217.7 |
        Depths |   8042 |   7329 |    713 |   1586 |   3489 |   4 | 2010.5 |
           Zot |   7001 |   6648 |    353 |   2013 |   2291 |   5 | 1400.2 |
        Bailey |    556 |    556 |      0 |    197 |      0 |   1 |  556.0 |
        Wizlab |    736 |    736 |      0 |    305 |      0 |   1 |  736.0 |
               +--------+--------+--------+--------+--------+-----+--------+

Top non-repeatable levels by time:
Vaults:2: 2912 daAuts
 Snake:2: 2867 daAuts
 Crypt:1: 2583 daAuts
 Snake:4: 2581 daAuts
  Lair:2: 2523 daAuts
 Crypt:3: 2377 daAuts
   Zot:4: 2344 daAuts
Depths:2: 2177 daAuts
Depths:4: 2123 daAuts
  Lair:4: 2122 daAuts
 Swamp:3: 2121 daAuts
   Elf:1: 2114 daAuts
   Elf:3: 2089 daAuts
Vaults:1: 2058 daAuts
Vaults:3: 2044 daAuts
